 Dungeon Crawl Stone Soup version 0.30-a0-1018-g25214051b3 (webtiles) character file.

Game seed: 16136474577671676013

253024 puppykicker the Peltast (level 18, -3/126 HPs)
             Began as a Demonspawn Artificer on Apr 7, 2023.
             Was an Elder of Hepliaklqana.
             Killed from afar by a deep elf zephyrmancer (29 damage)
             ... with a bolt of lightning
             ... on level 2 of the Elven Halls.
             The game lasted 02:41:45 (39973 turns).

puppykicker the Peltast (Demonspawn Artificer)     Turns: 39973, Time: 02:41:46

Health: -3/126     AC: 35    Str: 23    XL:     18   Next: 98%
Magic:  35/35      EV: 13    Int: 17    God:    Hepliaklqana [****..]
Gold:   1260       SH: 28    Dex: 21    Spells: 15/25 levels left

rFire   . . .      SeeInvis +    a - +5 demon blade (drain)
rCold   . . .      Faith    .    j - +1 tower shield {AC+3} {AC+3}
rNeg    . . .      Spirit   .    y - +6 shadow dragon scales
rPois   +          Reflect  +    (helmet unavailable)
rElec   .          Rampage  .    z - scarf of the Raven {+Inv, rF- Regen+ Str+5 Dex+3}
rCorr   .                        u - +2 pair of gloves {Str+3} {Str+3}
Will    +....                    Y - +0 pair of boots {Stlth+} {Stlth+}
Stlth   ++++++                   s - amulet of reflection
HPRegen 1.21/turn                r - ring of the Saviour {MP+9 Dex+3 Slay+2}
MPRegen 0.48/turn                F - ring of protection from fire

@: slowed, very slow
A: reduced essence, antennae 3, slimy green scales 3, augmentation 2, magic
regeneration, condensation shield
}: 2/15 runes: serpentine, barnacled
a: Renounce Religion, Evoke Invisibility, Recall Ancestor, Ancestor Identity,
Transference, Idealise


You were on level 2 of the Elven Halls.
You worshipped Hepliaklqana.
Hepliaklqana was greatly pleased with you.
You visited 7 branches of the dungeon, and saw 33 of its levels.
You visited the Abyss 1 time.
You also visited: Ice Cave and Volcano.

You collected 3510 gold pieces.
You spent 2250 gold pieces at shops.

Inventory:

Hand Weapons
 a - a +5 demon blade of draining (weapon)
Missiles
 m - 7 curare-tipped darts
 N - 4 throwing nets (quivered)
Armour
 b - the +1 pair of gloves of Fortification {Will- Str+4 Dex+8}
   (You found it on level 15 of the Dungeon)

   Str:       It affects your strength (+4).
   Dex:       It affects your dexterity (+8).
   Will:      It decreases your willpower.
 j - a +1 tower shield of protection (worn) {AC+3}
 u - a +2 pair of gloves of strength (worn) {Str+3}
 y - +6 shadow dragon scales (worn)
 z - the scarf of the Raven (worn) {+Inv, rF- Regen+ Str+5 Dex+3}
   (You found it on level 5 of the Lair of Beasts)

   Str:       It affects your strength (+5).
   Dex:       It affects your dexterity (+3).
   rF:        It makes you vulnerable to fire.
   Regen:     It increases your rate of health regeneration.
 Y - a +0 pair of boots of stealth (worn) {Stlth+}
Jewellery
 r - the ring of the Saviour (left hand) {MP+9 Dex+3 Slay+2}
   (You found it on level 4 of the Shoals)

   [ring of magical power]

   Dex:       It affects your dexterity (+3).
   Slay:      It affects your accuracy & damage with ranged weapons and melee
   (+2).
   MP:        It affects your magic capacity (+9).
 s - an amulet of reflection (around neck)
 C - a ring of resist corrosion
 F - a ring of protection from fire (right hand)
 I - a ring of protection from cold
 L - a ring of willpower
 P - a +6 ring of dexterity
Wands
 h - a wand of iceblast (14)
 p - a wand of acid (3)
 D - a wand of digging (4)
 J - a wand of flame (14)
Scrolls
 e - a scroll of fear
 f - 6 scrolls of fog
 i - 11 scrolls of identify
 o - 2 scrolls of brand weapon
 t - 2 scrolls of teleportation
 w - a scroll of poison
 A - 5 scrolls of amnesia
 B - 9 scrolls of blinking {!r}
 K - 7 scrolls of vulnerability {!r!r}
 M - 4 scrolls of immolation {!r}
 Q - 7 scrolls of silence
 V - 3 scrolls of butterflies
Potions
 c - a potion of invisibility
 g - 10 potions of lignification {!q}
 k - 13 potions of curing
 l - 6 potions of brilliance
 n - 2 potions of heal wounds
 q - 3 potions of berserk rage {!q}
 v - 3 potions of ambrosia
 E - 3 potions of might
 G - 4 potions of magic
 O - 3 potions of cancellation
 R - 5 potions of flight
 S - 2 potions of haste
 W - 3 potions of mutation {!q}
Miscellaneous
 d - a phantom mirror
 x - a phial of floods
 H - a tin of tremorstones (2/2)


   Skills:
 + Level 12.5 Fighting
 - Level 6.6(11.9) Short Blades
 + Level 15.3(15.8) Long Blades
 + Level 12.6 Armour
 - Level 10.0 Dodging
 + Level 6.4 Stealth
 * Level 17.5 Shields
 - Level 4.0 Spellcasting
 - Level 3.3 Necromancy
 + Level 10.9 Invocations
 - Level 11.0 Evocations


You had 15 spell levels left.
You knew the following spells:

 Your Spells              Type           Power      Damage    Failure   Level
a - Necrotise             Necr           56%        1d6       50%         1
g - Apportation           Tloc           6%         N/A       91%         1
m - Swiftness             Air            3%         N/A       100%        3
v - Vampiric Draining     Necr           14%        2d7       86%         3
w - Passwall              Tmut/Erth      2%         N/A       97%         2

Your spell library contained the following spells:

 Spells                   Type           Power      Damage    Failure   Level
 Beastly Appendage        Tmut           6%         N/A       91%         1
 Sandblast                Erth           6%         2d5       91%         1
 Blink                    Tloc           6%         N/A       97%         2
 Ensorcelled Hibernation  Hex/Ice        6%         N/A       97%         2
 Lesser Beckoning         Tloc           6%         N/A       97%         2
 Momentum Strike          Conj/Tloc      6%         3d8       97%         2
 Wereblood                Tmut           3%         N/A       97%         2
 Frozen Ramparts          Ice            6%         1d1       100%        3
 Gell's Gravitas          Tloc           3%         N/A       100%        3
 Hailstorm                Conj/Ice       3%         3d3       100%        3
 Inner Flame              Hex/Fire       3%         N/A       100%        3
 Ozocubu's Armour         Ice            3%         N/A       100%        3
 Spider Form              Tmut/Pois      3%         N/A       100%        3
 Stone Arrow              Conj/Erth      6%         3d7       100%        3
 Summon Guardian Golem    Hex/Summ       3%         N/A       100%        3
 Teleport Other           Tloc           3%         N/A       100%        3
 Tukima's Dance           Hex            3%         N/A       100%        3
 Volatile Blastmotes      Fire/Tloc      6%         2d10      100%        3
 Flame Wave               Conj/Fire      3%         2d5       100%        4
 Fulminant Prism          Conj/Hex       1%         3d5       100%        4
 Ice Form                 Ice/Tmut       3%         N/A       100%        4
 Iskenderun's Mystic Bla  Conj/Tloc      3%         2d3       100%        4
 Passage of Golubria      Tloc           3%         N/A       100%        4
 Sticky Flame             Conj/Fire      3%         2d3       100%        4
 Summon Ice Beast         Ice/Summ       3%         N/A       100%        4
 Agony                    Necr           14%        N/A       100%        5
 Alistair's Intoxication  Tmut/Pois      2%         N/A       100%        5
 Iskenderun's Battlesphe  Conj           3%         2d6       100%        5
 Lee's Rapid Deconstruct  Erth           1%         3d4*      100%        5
 Silence                  Hex/Air        1%         N/A       100%        5
 Summon Forest            Summ/Tloc      1%         N/A       100%        5
 Summon Mana Viper        Hex/Summ       3%         N/A       100%        5
 Yara's Violent Unravell  Hex/Tmut       1%         3d3       100%        5
 Conjure Ball Lightning   Conj/Air       1%         3x3d6     100%        6
 Dispersal                Tloc           1%         N/A       100%        6
 Eringya's Noxious Bog    Tmut/Pois      1%         N/A       100%        6
 Iron Shot                Conj/Erth      1%         9d1       100%        6
 Simulacrum               Ice/Necr       4%         N/A       100%        6
 Summon Cactus Giant      Summ           1%         N/A       100%        6
 Orb of Destruction       Conj           1%         9d5       100%        7
 Ozocubu's Refrigeration  Ice            1%         4d7       100%        7
 Spellforged Servitor     Conj/Summ      1%         N/A       100%        7
 Summon Hydra             Summ           1%         N/A       100%        7
 Discord                  Hex            1%         N/A       100%        8
 Disjunction              Tloc           1%         N/A       100%        8
 Lehudib's Crystal Spear  Conj/Erth      1%         10d2      100%        8


Dungeon Overview and Level Annotations

Branches:
Dungeon (15/15)            Temple (1/1) D:5            Lair (5/5) D:8
 Shoals (4/4) Lair:3        Snake (4/4) Lair:3        Slime (0/5) Lair:5
    Orc (2/2) D:12            Elf (2/3) Orc:2        Vaults (0/5) D:14
 Depths (0/4) D:15          IceCv (visited)         Volcano (visited)

Altars:
Ashenzari
Cheibriados
Dithmenos
Fedhas
Gozag
Hepliaklqana
Kikubaaqudgha
Makhleb
Nemelex Xobeh
Okawaru
Qazlal
Ru
Sif Muna
Trog
Uskayaw
Vehumet
Wu Jian
Xom
Yredelemnul
Jiyva

Shops:
D:1 *   D:12 :   Orc:2 [(:*   Snake:4 (::

Annotations:
Shoals:1 2 transporters, exclusion: orange crystal statue
Snake:4 3 runed translucent doors, puppykicker's ghost, adept DsAr


Innate Abilities, Weirdness & Mutations

Your life essence is reduced to manifest your ancestor. (-10% HP)
You have a pair of large antennae on your head. (SInv)
You are completely covered in slimy green scales. (AC +4, rPois)
Your magical and physical power is enhanced at high health.
You regenerate magic rapidly.
A meltable shield of frost defends you. (SH +0)


Message History

The deep elf archer unwields a +0 dagger.
The deep elf archer wields a +0 longbow.
The deep elf archer shoots an arrow.
You reflect the arrow off an invisible shield around you!
The arrow hits the deep elf archer!!
You kill the deep elf archer!
You closely miss the deep elf archer.
Someone else points at the deep elf pyromancer and mumbles some strange words.
The deep elf pyromancer suddenly stops moving!
You block the deep elf zephyrmancer's attack.
The deep elf archer unwields a +0 shortbow.
The deep elf archer wields a +0 short sword.
You block the deep elf archer's attack.
You regained 2 hp, and now have 66/126 hp.
The helpless deep elf pyromancer fails to defend itself.
You slice the deep elf pyromancer!!
You block the deep elf zephyrmancer's attack.
The deep elf archer casts a spell at you.
You resist with some effort.
Someone else points at the deep elf pyromancer and mumbles some strange words.
The deep elf pyromancer resists with some effort.
The helpless deep elf pyromancer fails to defend itself.
You slice the deep elf pyromancer!!
You kill the deep elf pyromancer!
You block the deep elf zephyrmancer's attack.
The deep elf archer hits you with a +0 short sword!
* * * LOW HITPOINT WARNING * * *
You block the deep elf zephyrmancer's attack.
You take 13 damage, and have 54/126 hp.
You are too injured to fight recklessly!
You are too injured to fight recklessly!
Unknown command.
You miss the deep elf zephyrmancer. You block the deep elf archer's attack.
The deep elf pyromancer gestures wildly while chanting.
The deep elf pyromancer blinks!
The deep elf zephyrmancer casts a spell at you.
The bolt of lightning hits you!!
* * * LOW HITPOINT WARNING * * *
The bolt of lightning hits you!!
You die...

#...## ##.....##
#..... ##......[#
#..... #.........
+..... +....)....
..... .§.......
#...## #ee....e#
#########@)..).#
##.....#R##...##
#.......## ###
'#######.....).#
.'.....'.)....°#
.#######.).....#
#####
#.......###.<.##
##'.>...###.....#
##.####+##
#.....#


You could see the friendly someone else the hexer, a deep elf archer (repels
missiles), a deep elf pyromancer and a deep elf zephyrmancer (ally target).

Levels and vault maps discovered:
D:1:      nicolae_arrival_memento_mori, layout_loops_ring, serial_shops, shop,
          kennysheep_small_spiral, dk_noncrumbling_4
D:2:      layout_loops_ring, serial_forest, infiniplex_forest_clump_double,
          infiniplex_forest_end_3, infiniplex_forest_clump_diagonal,
          infiniplex_forest_clump_small, infiniplex_forest_lined_room_2
D:3:      layout_loops_ring
D:4:      layout_layer_cave, nicolae_zen_rock_garden, kennysheep_minor_cross,
          minivault_4
D:5:      layout_layer_cave, nicolae_ru_path_of_blood, temple_green,
          serial_glass, glass_columns_b, glass_columns_a,
          minmay_strange_pillars, minmay_strange_pillars, feat_on_display,
          feat_on_display, minmay_increasing_density, uniq_eustachio
D:6:      layout_basic, gammafunk_temple_overflow_arena,
          nicolae_dithmenos_the_darkroom, minmay_holes, uniq_maggie,
          uniq_grinder
D:7:      layout_layer_cave, minmay_fire_ice_demons
D:8:      layout_cave_pools, erik_lair_island, centaur_isle
D:9:      layout_loops_corners, nicolae_overflows_in_rows,
          mainiacjoe_overflow_big_doors, ebering_ghost_gozag
D:10:     layout_grid_maze, uniq_snorg, uniq_gastronok
D:11:     layout_rooms, gammafunk_ghost_grave, minivault_8
D:12:     layout_irregular_city, orc_0_dummy, serial_shops, shop,
          hangedman_decor_growths, eino_house_with_fridge
D:13:     layout_irregular_city, uniq_frances
D:14:     layout_roguey, lightli_vaults_fourway_checkpoint,
          kiku_gazebo_garden_becter
D:15:     grunt_enter_depths_snipers, layout_basic,
          gammafunk_ghost_fury_of_okawaru, nemelex_xobeh_ov_fountains_minmay,
          onia_ninara_cookie
Temple:   nicolae_temple_ecumenical_triangle
Lair:1:   layout_roguey
Lair:2:   layout_chaotic_city, dreamdust_mushroom_princess, grunt_megastairs_4
Lair:3:   layout_gridlike, minmay_shoals_entry_beasts,
          minmay_snake_entry_guardpost_medium, nicolae_volcano_entry_hallway
Lair:4:   layout_cave_shapes, chequers_serial_rivers_large_b, grunt_megastairs_3
Lair:5:   wormcave, layout_loops_ring, hangedman_lair_caniforms_friends,
          nicolae_slime_entry_slimehenge, grunt_megastairs_5
Shoals:1: gammafunk_sealed_arena, layout_shoals, nicolae_shoals_loop_pool
Shoals:2: layout_shoals, gammafunk_ghost_necromancy, uniq_louise
Shoals:3: cheibrodos_shoals_satyrical_garden, layout_shoals,
          portal_ice_cave_entry_ice_statue_one
Shoals:4: shoals_end_grunt_garden, layout_shoals, uniq_bai_suzhen
Snake:1:  layout_layer_cave, ebering_ghost_inner_flame, nicolae_triple_integral
Snake:2:  layout_honeycomb
Snake:3:  layout_cave_shapes, grunt_megastairs_2, serial_bayou_shore_b,
          serial_bayou_shore_a, uniq_aizul
Snake:4:  snake_pit_salamanders_mu, layout_rooms, gammafunk_ghost_split,
          serial_corexii_hall, chequers_hall_statues_corner_a,
          chequers_hall_statues_wall_a, minmay_shop_grid_forest
Orc:1:    layout_caves, basic_altar, uniq_sonja
Orc:2:    grunt_orc_cross, layout_diamond_mine
Elf:1:    layout_onion_city, minivault_28
Elf:2:    nicolae_elf_blades_splatter_lattice [infiniplex_blade_entry_pillars],
          layout_geoelf_octagon, dreamdust_wishing_well, minmay_shoptagon,
          uniq_zenata

Notes
Turn   | Place    | Note
-------+----------+-------------------------------------------
     0 | D:1      | puppykicker the Demonspawn Artificer began the quest for
                  | the Orb.
     0 | D:1      | Reached XP level 1. HP: 15/15 MP: 1/1
     5 | D:1      | Identified a +0 chain mail
    88 | D:1      | Found Ezuronti's Assorted Antiques.
   103 | D:1      | Reached skill level 1 in Dodging
   162 | D:1      | Bought a scroll labelled ETTAIMMIYGH for 20 gold pieces
   262 | D:1      | Identified a +0 dagger
   263 | D:1      | Identified 3 scrolls of identify
   263 | D:1      | Identified a potion of heal wounds
   264 | D:1      | Identified a potion of lignification
   280 | D:1      | Reached skill level 2 in Armour
   280 | D:1      | Gained mutation: You have a pair of small antennae on your
                  | head. [demonic ancestry]
   280 | D:1      | Reached XP level 2. HP: 6/21 MP: 2/2
   367 | D:1      | Identified an amulet of the acrobat
   463 | D:1      | Identified a ring of resist corrosion
   697 | D:1      | Identified a ring of see invisible
   724 | D:1      | Identified a scroll of blinking
   796 | D:2      | Identified a +0 whip
   898 | D:2      | Identified a +0 dagger
   913 | D:2      | Identified a +0 dagger
   929 | D:2      | Identified a +0 whip
   968 | D:2      | Identified a +0 scale mail
   997 | D:2      | Identified a +0 scale mail
  1019 | D:2      | Identified a +0 leather armour
  1155 | D:2      | Identified a +0 spear
  1413 | D:2      | Gained mutation: You have a pair of antennae on your head.
                  | [demonic ancestry]
  1413 | D:2      | Reached XP level 3. HP: 26/26 MP: 3/3
  1624 | D:2      | Identified a +0 ring mail
  1631 | D:3      | Noticed a scorpion
  1640 | D:3      | Killed a scorpion
  1640 | D:3      | HP: 3/27 [poisoned by a scorpion]
  1641 | D:3      | Reached skill level 2 in Fighting
  1641 | D:3      | Gained mutation: You are partially covered in slimy green
                  | scales. (AC +2) [demonic ancestry]
  1641 | D:3      | Reached XP level 4. HP: 3/33 MP: 4/4
  1641 | D:3      | Identified a potion of haste
  1641 | D:3      | HP: 1/33 [poisoned by a scorpion]
  1729 | D:3      | Identified a +0 morningstar
  1740 | D:3      | Reached skill level 2 in Dodging
  1798 | D:3      | Identified a +0 ring mail
  1972 | D:3      | Identified a +0 robe
  2014 | D:3      | Identified a +0 dagger
  2014 | D:3      | Identified a +0 whip
  2014 | D:3      | Identified a +0 short sword
  2014 | D:3      | Identified a +0 flail
  2393 | D:4      | Identified a +0 short sword
  2460 | D:4      | Identified a +1 dagger of venom
  2480 | D:4      | Identified a +0 pair of boots
  2542 | D:4      | Identified a +2 dagger of speed
  2545 | D:4      | Identified a +0 club
  2547 | D:4      | Identified a +0 trident
  2547 | D:4      | Identified a +0 hand axe
  2567 | D:4      | Identified an amulet of reflection
  2644 | D:4      | Noticed a scorpion
  2648 | D:4      | Identified a +0 short sword
  2649 | D:4      | Killed a scorpion
  2650 | D:4      | Reached skill level 4 in Evocations
  2650 | D:4      | Gained mutation: You are mostly covered in slimy green
                  | scales. (AC +3) [demonic ancestry]
  2650 | D:4      | Reached XP level 5. HP: 39/39 MP: 5/5
  2657 | D:4      | Reached skill level 3 in Armour
  2814 | D:1      | Bought a lead wand for 80 gold pieces
  3137 | D:4      | Identified a +1 pair of boots
  3359 | D:5      | Entered Level 5 of the Dungeon
  3595 | D:1      | Bought a pair of glowing gloves for 150 gold pieces
  3595 | D:1      | Identified a +1 pair of gloves of strength (You bought it
                  | in a shop on level 1 of the Dungeon)
  3703 | D:5      | Identified a +2 falchion of draining
  3703 | D:5      | Identified a +0 leather armour
  3703 | D:5      | Noticed Eustachio
  3704 | D:5      | Eustachio changed into Eustachio the rime drake
  3704 | D:5      | Noticed Eustachio
  3709 | D:5      | Identified a ring of protection from cold
  3719 | D:5      | Identified a +0 trident
  3719 | D:5      | Identified a +1 scale mail of cold resistance
  3732 | D:5      | Identified a +0 dagger
  3732 | D:5      | Identified a +0 robe
  3733 | D:5      | Reached skill level 3 in Fighting
  3733 | D:5      | Gained mutation: You regenerate magic rapidly. [demonic
                  | ancestry]
  3733 | D:5      | Reached XP level 6. HP: 47/47 MP: 6/6
  3739 | D:5      | Identified a +0 trident
  3739 | D:5      | Identified a +0 plate armour
  3739 | D:5      | Noticed an orc warrior
  3744 | D:5      | Reached skill level 3 in Dodging
  3751 | D:5      | Killed an orc warrior
  3754 | D:5      | Identified a +0 trident
  3767 | D:5      | Killed Eustachio the rime drake
  3768 | D:5      | Reached XP level 7. HP: 19/53 MP: 7/7
  4036 | D:5      | Identified a +0 whip
  4036 | D:5      | Identified a +0 shortbow
  4050 | D:5      | Reached skill level 4 in Fighting
  4050 | D:5      | Reached skill level 4 in Armour
  4050 | D:5      | Reached skill level 5 in Evocations
  4063 | D:5      | Identified the +1 helmet of Aghogotoaff {Fly rF+ rN+ Dex+3}
  4074 | D:5      | Identified a +0 ring mail
  4161 | D:5      | Reached skill level 4 in Dodging
  4166 | D:5      | Found a sacrificial altar of Ru.
  4215 | D:5      | Identified a scroll of brand weapon
  4427 | D:5      | Identified a +0 robe
  4491 | D:5      | Identified a +0 giant club
  4500 | D:5      | Reached XP level 8. HP: 61/61 MP: 8/8
  4513 | D:5      | Identified a +0 mace
  4625 | D:5      | Identified a +0 leather armour
  4668 | D:5      | Found a staircase to the Ecumenical Temple.
  4675 | Temple   | Entered the Ecumenical Temple
  4927 | D:6      | Identified a +1 long sword of electrocution
  4927 | D:6      | Identified +0 steam dragon scales
  4927 | D:6      | Noticed Maggie
  4949 | D:6      | Maggie changed into Maggie the tengu
  4949 | D:6      | Noticed Maggie
  4952 | D:6      | Killed Maggie the tengu
  5160 | D:6      | Noticed Grinder
  5165 | D:6      | Paralysed by Grinder for 5 turns
  5173 | D:6      | Killed Grinder
  5174 | D:6      | Reached skill level 5 in Fighting
  5174 | D:6      | Reached skill level 5 in Armour
  5174 | D:6      | Reached skill level 6 in Evocations
  5175 | D:6      | Found a shadowy altar of Dithmenos.
  5379 | D:6      | Identified a +0 robe
  5383 | D:6      | Found a blossoming altar of Fedhas.
  5383 | D:6      | Noticed a slime creature
  5383 | D:6      | Identified a +0 shortbow
  5385 | D:6      | Identified a +0 giant club
  5385 | D:6      | Identified a +0 giant club
  5385 | D:6      | Noticed a two-headed ogre
  5399 | D:6      | Learned a level 3 spell: Vampiric Draining
  5401 | D:6      | Learned a level 1 spell: Necrotise
  5428 | D:6      | Found a transporter.
  5443 | D:6      | Identified an amulet of guardian spirit
  5455 | D:6      | Identified +0 steam dragon scales
  5665 | D:6      | Found a transporter.
  5726 | D:7      | Identified a +0 whip
  5729 | D:7      | Reached skill level 5 in Dodging
  5729 | D:7      | Identified a +0 club
  5729 | D:7      | Identified a +2 flail of draining
  5735 | D:7      | Identified a +0 falchion
  5812 | D:7      | Reached XP level 9. HP: 51/69 MP: 9/9
  5926 | D:7      | Reached skill level 6 in Fighting
  5927 | D:7      | Identified a +0 dagger
  5927 | D:7      | Identified a +0 robe
  5930 | D:7      | Identified a +5 hand axe
  5930 | D:7      | Identified a +0 robe
  5932 | D:7      | Identified a +2 dagger of venom
  5932 | D:7      | Identified a +0 robe
  5941 | D:7      | Identified a +0 long sword
  5941 | D:7      | Identified a +0 robe
  6179 | D:7      | Identified a +0 war axe
  6179 | D:7      | Identified a +0 leather armour
  6181 | D:7      | Identified a +0 short sword
  6181 | D:7      | Identified a +0 leather armour
  6204 | D:7      | Identified a +0 war axe
  6204 | D:7      | Identified a +0 chain mail
  6505 | D:7      | Reached skill level 6 in Armour
  6505 | D:7      | Reached skill level 7 in Evocations
  6714 | D:7      | HP: 16/71 [killer bee (8)]
  6721 | D:7      | HP: 10/71 [killer bee (4)]
  6721 | D:7      | HP: 4/71 [killer bee (6)]
  6726 | D:7      | HP: 10/71 [poisoned by a killer bee]
  6942 | D:7      | Identified 2 scrolls of enchant armour
  7412 | D:8      | Identified a +0 shortbow
  7412 | D:8      | Identified a +0 shortbow
  7417 | D:8      | Reached skill level 6 in Dodging
  7417 | D:8      | Identified a +0 shortbow
  7417 | D:8      | Identified a +0 shortbow
  7417 | D:8      | Identified a +0 shortbow
  7420 | D:8      | Identified a +0 shortbow
  7536 | D:8      | Identified a +1 dagger of electrocution
  7536 | D:8      | Identified a +0 mace
  7536 | D:8      | Identified a +0 chain mail
  7542 | D:8      | Identified a +0 mace
  7542 | D:8      | Identified a +0 leather armour
  7595 | D:8      | Identified a +0 shortbow
  7639 | D:8      | Identified a scroll of magic mapping
  7650 | D:8      | Identified a +2 long sword of protection
  7650 | D:8      | Noticed a deep elf pyromancer
  7668 | D:8      | Reached skill level 7 in Fighting
  7674 | D:8      | Killed a deep elf pyromancer
  7800 | D:8      | Gained mutation: You have a pair of large antennae on your
                  | head. (SInv) [demonic ancestry]
  7800 | D:8      | Reached XP level 10. HP: 59/79 MP: 10/10
  8077 | D:7      | Reached skill level 8 in Evocations
  8211 | D:8      | Reached skill level 7 in Armour
  8241 | D:8      | Identified a ring of poison resistance
  8289 | D:8      | Identified a +0 chain mail
  8446 | D:8      | Found a staircase to the Lair.
  8463 | D:8      | HP: 17/79 [electric eel/bolt of electricity (10)]
  8887 | D:8      | Reached skill level 7 in Dodging
  9016 | D:9      | Found a snail-covered altar of Cheibriados.
  9016 | D:9      | Found a basalt altar of Yredelemnul.
  9016 | D:9      | Found a burning altar of Makhleb.
  9016 | D:9      | Found a hazy altar of Hepliaklqana.
  9016 | D:9      | Found a sparkling altar of Nemelex Xobeh.
  9031 | D:9      | Found a shimmering altar of Xom.
  9031 | D:9      | Found an ornate altar of the Wu Jian Council.
  9032 | D:9      | Found an iron altar of Okawaru.
  9033 | D:9      | Found a broken altar of Ashenzari.
  9033 | D:9      | Found a radiant altar of Vehumet.
  9041 | D:9      | Became a worshipper of Hepliaklqana the Forgotten
  9060 | D:9      | Identified a +0 chain mail
  9074 | D:9      | Identified a +0 short sword
  9074 | D:9      | Identified a +0 chain mail
  9075 | D:9      | Identified a +0 mace
  9083 | D:9      | Identified a +0 trident
  9083 | D:9      | Identified a +0 plate armour
  9083 | D:9      | Identified a +0 flail
  9083 | D:9      | Identified a +0 leather armour
  9104 | D:9      | Found a hide-covered altar of Uskayaw.
  9105 | D:9      | Found a shimmering blue altar of Sif Muna.
  9106 | D:9      | Identified a +0 mace
  9154 | D:9      | Learned a level 2 spell: Passwall
  9158 | D:9      | Learned a level 3 spell: Swiftness
  9182 | D:9      | Reached skill level 1 in Invocations
  9188 | D:9      | Reached skill level 8 in Fighting
  9490 | D:9      | Identified a +0 flail
  9493 | D:9      | Identified a +0 dire flail
  9493 | D:9      | Identified a +0 arbalest
  9493 | D:9      | Identified a +0 chain mail
  9494 | D:9      | Identified a +0 dagger
  9494 | D:9      | Identified a +0 robe
  9495 | D:9      | Identified a +0 short sword
  9497 | D:9      | Identified a +0 morningstar
  9651 | D:9      | Reached skill level 2 in Invocations
  9685 | D:9      | Identified a +4 hand axe
  9685 | D:9      | Identified a +0 robe
  9686 | D:9      | Identified a +0 hand axe
  9686 | D:9      | Identified a +0 robe
  9687 | D:9      | Identified a +0 short sword
  9687 | D:9      | Identified a +0 robe
  9800 | D:9      | Found a runed translucent gate.
  9801 | D:9      | Found a runed translucent gate.
  9801 | D:9      | Found a runed translucent gate.
  9802 | D:9      | Found an opulent altar of Gozag.
  9803 | D:9      | Noticed Jase's ghost (novice GrEE)
  9803 | D:9      | Identified a +0 shortbow
  9803 | D:9      | Noticed a centaur warrior
  9803 | D:9      | Identified a +0 mace
  9803 | D:9      | Identified a +0 arbalest
  9803 | D:9      | Identified a +0 plate armour
  9803 | D:9      | Identified a +4 hand axe
  9803 | D:9      | Identified a +0 robe
  9813 | D:9      | Identified a +0 scimitar
  9813 | D:9      | Identified a +0 plate armour
  9813 | D:9      | Identified a +0 mace
  9814 | D:9      | Identified a +0 dagger
  9814 | D:9      | Identified a +0 robe
  9995 | D:9      | Identified a scroll of amnesia
  9996 | D:9      | Identified a scroll of noise
  9997 | D:9      | Identified 3 scrolls of fog
  9998 | D:9      | Identified 6 scrolls of teleportation
 10083 | D:9      | Identified 2 scrolls of enchant weapon
 10084 | D:9      | Identified 2 scrolls of fear
 10085 | D:9      | Identified a scroll of silence
 10262 | D:9      | Reached * piety under Hepliaklqana
 10265 | D:9      | Identified a +0 giant spiked club
 10265 | D:9      | Identified a +0 giant club
 10265 | D:9      | Noticed a two-headed ogre
 10275 | D:9      | Killed a two-headed ogre
 10276 | D:9      | Reached skill level 3 in Invocations
 10335 | D:10     | Entered Level 10 of the Dungeon
 10425 | D:10     | Reached XP level 11. HP: 46/78 MP: 13/13
 10559 | D:10     | Identified a +0 club
 10559 | D:10     | Identified a +0 leather armour
 10560 | D:10     | Identified a +0 whip
 10562 | D:10     | Identified a +0 dagger
 10582 | D:10     | Learned a level 1 spell: Apportation
 10613 | D:10     | Identified a +0 club
 10614 | D:10     | Identified a +0 dagger
 10614 | D:10     | Identified a +0 robe
 10615 | D:10     | Identified a +0 short sword
 10618 | D:10     | Identified a +0 glaive
 10618 | D:10     | Identified a +0 plate armour
 10619 | D:10     | Identified a +0 club
 10619 | D:10     | Identified a +0 leather armour
 10658 | D:10     | Reached skill level 8 in Armour
 10658 | D:10     | Reached skill level 4 in Invocations
 10723 | D:10     | Identified a +0 giant club
 10723 | D:10     | Identified a +0 giant club
 10723 | D:10     | Noticed a two-headed ogre
 10726 | D:10     | a two-headed ogre changed into a golden eye
 10800 | D:10     | Identified a +0 dagger
 10804 | D:10     | Identified a +0 club
 10859 | D:10     | Noticed Snorg
 10860 | D:10     | Snorg changed into Snorg the komodo dragon
 10860 | D:10     | Noticed Snorg
 10870 | D:10     | Killed Snorg the komodo dragon
 10870 | D:10     | Identified a +1 troll leather armour {Snorg}
 10901 | D:10     | Reached skill level 9 in Evocations
 11034 | D:10     | Identified a +2 dagger of venom
 11035 | D:10     | Identified a +0 flail
 11035 | D:10     | Identified a +0 robe
 11036 | D:10     | Identified a +0 dire flail
 11036 | D:10     | Identified a +0 plate armour
 11107 | D:10     | Identified a potion of attraction
 11116 | D:10     | Reached ** piety under Hepliaklqana
 11117 | D:10     | Remembered your ancestor someone else as a hexer
 11117 | D:10     | Identified a +0 dagger of draining
 11503 | D:10     | Identified a scroll of immolation
 11509 | D:10     | Identified a +2 hat
 11509 | D:10     | Noticed Gastronok
 11524 | D:10     | Killed Gastronok
 11525 | D:10     | Reached skill level 8 in Dodging
 11525 | D:10     | Reached skill level 5 in Invocations
 11576 | D:10     | Identified a +0 dagger of draining
 11645 | D:10     | Reached skill level 9 in Fighting
 11795 | D:11     | Noticed ytrimaz's ghost (novice DgTm)
 11795 | D:11     | Identified a +0 dagger
 11795 | D:11     | Identified a +0 robe
 11795 | D:11     | Identified a +0 short sword
 11795 | D:11     | Identified a +0 short sword
 11795 | D:11     | Found a runed translucent door.
 11796 | D:11     | Identified a +0 club
 11797 | D:11     | Identified a +0 whip
 11832 | D:11     | Identified a +0 flail
 11838 | D:11     | Identified a +0 morningstar
 11856 | D:11     | HP: 15/80 [molten gargoyle/+0 morningstar (12)]
 11856 | D:11     | HP: 7/80 [molten gargoyle/+0 morningstar (8)]
 11906 | D:10     | Identified a +0 dagger of draining
 11995 | D:11     | Noticed a green ugly thing
 12008 | D:11     | Killed a green ugly thing
 12009 | D:11     | Reached skill level 1 in Spellcasting
 12013 | D:11     | Identified +0 acid dragon scales
 12040 | D:11     | Identified a +0 giant club
 12040 | D:11     | Identified a +0 giant spiked club
 12040 | D:11     | Noticed a two-headed ogre
 12046 | D:11     | Killed a two-headed ogre
 12047 | D:11     | Reached skill level 6 in Invocations
 12050 | D:11     | Identified a +0 long sword of flaming
 12121 | D:11     | Identified a ring of willpower
 12232 | D:11     | Identified a +0 shortbow
 12248 | D:11     | Identified a +0 whip
 12248 | D:11     | Identified a +0 ring mail
 12249 | D:11     | Identified a +0 dagger
 12249 | D:11     | Identified a +0 robe
 12255 | D:11     | Identified a +0 dagger
 12255 | D:11     | Identified a +0 robe
 12263 | D:11     | Identified a +0 hand axe
 12263 | D:11     | Identified a +0 ring mail
 12304 | D:11     | Identified a +0 mace
 12304 | D:11     | Identified a +0 mace
 12473 | D:11     | Reached skill level 2 in Spellcasting
 12740 | D:12     | Identified a +0 giant club
 12740 | D:12     | Identified a +0 dire flail
 12740 | D:12     | Noticed a two-headed ogre
 12748 | D:12     | Killed a two-headed ogre
 12780 | D:12     | Identified a +0 dagger of draining
 12785 | D:12     | Identified a +0 robe
 12841 | D:12     | Identified +0 shadow dragon scales
 12964 | D:12     | Reached XP level 12. HP: 71/86 MP: 17/17
 13001 | D:12     | Identified a potion of ambrosia
 13028 | D:12     | Reached skill level 9 in Armour
 13028 | D:12     | Reached skill level 7 in Invocations
 13128 | D:12     | Reached *** piety under Hepliaklqana
 13223 | D:12     | Identified the +1 ring mail of Omoov {Stlth+}
 13345 | D:12     | Found Husm's Book Emporium.
 13347 | D:12     | Found a staircase to the Orcish Mines.
 13359 | D:12     | Identified a +0 rapier of flaming
 13367 | D:12     | Reached skill level 10 in Evocations
 13452 | D:12     | Identified a +0 dagger
 13452 | D:12     | Identified a +0 robe
 13475 | D:12     | Identified a +0 long sword
 13521 | D:12     | Identified a +0 dagger of draining
 13766 | D:13     | Identified a +0 glaive of holy wrath
 13766 | D:13     | Identified a +1 scale mail of poison resistance
 13766 | D:13     | Noticed Frances
 13816 | D:13     | Identified a +0 hand axe
 13816 | D:13     | Identified a +0 leather armour
 13817 | D:13     | Identified a +1 hand axe of flaming
 13817 | D:13     | Identified a +0 leather armour
 13819 | D:13     | Identified a +0 hand axe
 13819 | D:13     | Identified a +0 leather armour
 13822 | D:13     | Reached skill level 3 in Spellcasting
 13830 | D:13     | Reached skill level 9 in Dodging
 13866 | D:13     | Identified a +0 dagger of draining
 13941 | D:13     | Identified a +0 flail
 14074 | D:13     | Identified a +0 dagger
 14074 | D:13     | Identified a +0 robe
 14074 | D:13     | Identified a +0 trident
 14074 | D:13     | Identified a +0 ring mail
 14074 | D:13     | Identified a +0 heavy hand axe
 14228 | D:13     | Identified a +2 spear of freezing
 14286 | D:14     | Identified a +0 plate armour
 14343 | D:13     | Identified a +0 dagger of draining
 14455 | D:13     | Identified a +0 dagger of draining
 14463 | D:14     | Reached skill level 1 in Necromancy
 14566 | D:14     | Reached skill level 10 in Fighting
 14591 | D:14     | Noticed a boulder beetle
 14610 | D:14     | Killed a boulder beetle
 14682 | D:14     | Reached skill level 8 in Invocations
 14808 | D:14     | Identified a +0 troll leather armour
 14864 | D:14     | Reached **** piety under Hepliaklqana
 14865 | D:14     | Found an ancient bone altar of Kikubaaqudgha.
 14963 | D:14     | Found a gate to the Vaults.
 14963 | D:14     | Identified a +0 giant spiked club
 14963 | D:14     | Identified a +0 giant spiked club
 14963 | D:14     | Noticed a two-headed ogre
 14963 | D:14     | Identified a +0 great sword
 14963 | D:14     | Identified a +0 chain mail
 14963 | D:14     | Noticed a vault guard
 14963 | D:14     | Identified a +3 great mace of protection
 14963 | D:14     | Identified a +0 plate armour
 14963 | D:14     | Noticed a vault guard
 14963 | D:14     | Identified a +0 great sword
 14963 | D:14     | Identified a +0 chain mail
 14963 | D:14     | Noticed a vault guard
 14963 | D:14     | Noticed a four-headed hydra
 14963 | D:14     | Identified a +1 great sword of protection
 14963 | D:14     | Identified a +2 plate armour of fire resistance
 14963 | D:14     | Noticed a vault guard
 14963 | D:14     | Identified a +0 shortbow
 14963 | D:14     | Noticed a centaur warrior
 14963 | D:14     | Identified a +0 shortbow
 14963 | D:14     | Noticed a centaur warrior
 14963 | D:14     | Identified a +0 shortbow
 14963 | D:14     | Noticed a centaur warrior
 15015 | D:14     | Identified a +0 dagger of draining
 15042 | D:15     | Entered Level 15 of the Dungeon
 15049 | D:15     | Found a sparkling altar of Nemelex Xobeh.
 15052 | D:15     | Identified a +0 long sword
 15064 | D:15     | Identified a +0 dagger
 15065 | D:15     | Identified a +0 great mace
 15065 | D:15     | Identified a +0 chain mail
 15066 | D:15     | Identified a +0 club
 15066 | D:15     | Identified a +0 leather armour
 15067 | D:15     | Identified a +0 whip
 15077 | D:15     | Identified a +0 dire flail
 15077 | D:15     | Identified a +0 plate armour
 15096 | D:15     | Identified a +0 halberd
 15096 | D:15     | Identified a +0 plate armour
 15153 | D:15     | Identified a +0 war axe
 15153 | D:15     | Identified a +2 ring mail of willpower
 15153 | D:15     | Identified a +1 buckler of protection
 15153 | D:15     | Noticed a tengu warrior
 15195 | D:15     | Identified 2 potions of invisibility
 15198 | D:15     | Identified a +0 leather armour
 15232 | D:15     | Reached skill level 1 in Stealth
 15247 | D:15     | Killed a tengu warrior
 15248 | D:15     | Reached skill level 1 in Short Blades
 15356 | D:15     | Identified a +0 arbalest
 15356 | D:15     | Noticed a tengu warrior
 15372 | D:15     | Killed a tengu warrior
 15373 | D:15     | Reached skill level 1 in Long Blades
 15374 | D:15     | Found a staircase to the Depths.
 15374 | D:15     | Noticed a stone giant
 15391 | D:15     | Killed a stone giant
 15392 | D:15     | Reached skill level 2 in Stealth
 15392 | D:15     | Reached skill level 1 in Shields
 15394 | D:15     | Identified a +0 longbow
 15394 | D:15     | Noticed a tengu warrior
 15404 | D:15     | Killed a tengu warrior
 15405 | D:15     | Gained mutation: You are completely covered in slimy green
                  | scales. (AC +4, rPois) [demonic ancestry]
 15405 | D:15     | Reached XP level 13. HP: 50/93 MP: 19/19
 15969 | D:15     | Identified a +0 shortbow
 15974 | D:15     | Identified a +0 long sword
 15974 | D:15     | Identified a +2 ring mail of fire resistance
 15974 | D:15     | Identified a +0 kite shield
 15977 | D:15     | Identified a +2 long sword of protection
 15977 | D:15     | Identified a +0 leather armour
 15977 | D:15     | Identified a +0 kite shield
 15990 | D:15     | Reached skill level 2 in Short Blades
 15990 | D:15     | Reached skill level 2 in Long Blades
 16017 | D:15     | Identified a +0 heavy arbalest
 16031 | D:15     | Reached skill level 2 in Shields
 16037 | D:15     | Reached skill level 3 in Stealth
 16045 | D:15     | Identified a +0 battleaxe
 16045 | D:15     | Identified a +0 ring mail
 16076 | D:15     | Reached skill level 3 in Short Blades
 16076 | D:15     | Reached skill level 3 in Long Blades
 16258 | D:15     | Identified a +0 dagger of draining
 16387 | D:15     | Identified a +0 halberd
 16387 | D:15     | Identified a +0 robe
 16420 | D:15     | Identified a +6 ring of dexterity
 16426 | D:15     | Reached skill level 3 in Shields
 16449 | D:15     | Identified a +2 scimitar of flaming
 16464 | D:15     | Reached skill level 4 in Stealth
 16477 | D:15     | Identified a +0 broad axe
 16477 | D:15     | Identified a +0 leather armour
 16538 | D:15     | Identified a +0 dagger
 16538 | D:15     | Identified a +0 ring mail
 16546 | D:15     | Identified a +0 mace
 16546 | D:15     | Identified a +0 leather armour
 16546 | D:15     | Identified a +0 buckler
 16552 | D:15     | Reached skill level 4 in Short Blades
 16552 | D:15     | Reached skill level 4 in Long Blades
 16557 | D:15     | Identified a +1 dire flail
 16557 | D:15     | Identified a +0 arbalest
 16557 | D:15     | Identified a +0 ring mail
 16561 | D:15     | Identified a +0 great mace
 16561 | D:15     | Identified a +0 arbalest
 16561 | D:15     | Identified a +0 ring mail
 16571 | D:15     | HP: 22/93 [tengu warrior/+0 great mace (13)]
 16581 | D:15     | Identified a potion of berserk rage
 16807 | D:15     | Identified a +0 falchion
 16872 | D:15     | Found a runed translucent gate.
 16872 | D:15     | Found a runed translucent gate.
 16872 | D:15     | Found a runed translucent gate.
 16872 | D:15     | Identified a +0 war axe
 16872 | D:15     | Identified a +1 tower shield of protection
 16872 | D:15     | Identified the +7 short sword "Plog" {heavy, rN++}
 16872 | D:15     | Identified a +0 chain mail
 16872 | D:15     | Noticed a minotaur
 16872 | D:15     | Identified a +3 war axe
 16872 | D:15     | Identified a +0 chain mail
 16872 | D:15     | Identified a +2 triple sword of flaming
 16872 | D:15     | Identified a +0 leather armour
 16872 | D:15     | Noticed a merfolk impaler
 16872 | D:15     | Identified a +0 long sword
 16872 | D:15     | Identified a +0 longbow
 16872 | D:15     | Identified a +0 leather armour
 16872 | D:15     | Noticed jtron's ghost (adept GnWn)
 16873 | D:15     | Identified a +0 flail
 16873 | D:15     | Identified a +0 leather armour
 16873 | D:15     | Noticed a merfolk javelineer
 16873 | D:15     | Identified a +0 battleaxe
 16873 | D:15     | Identified a +0 arbalest
 16873 | D:15     | Identified a +0 ring mail
 16873 | D:15     | Identified a +2 trident of venom
 16873 | D:15     | Identified a +0 robe
 16873 | D:15     | Identified a +0 kite shield of protection
 16937 | D:15     | Found an iron altar of Okawaru.
 17126 | D:12     | Identified a +0 dagger of draining
 17326 | D:11     | Killed ytrimaz's ghost
 17430 | D:13     | Identified a +0 robe
 17506 | D:13     | Identified a +0 giant club
 17506 | D:13     | Identified a +0 giant club
 17510 | D:13     | Identified a +0 shortbow
 17517 | D:13     | Reached skill level 4 in Shields
 17521 | D:13     | Reached skill level 5 in Short Blades
 17521 | D:13     | Reached skill level 5 in Long Blades
 17695 | D:6      | Reached skill level 5 in Stealth
 17724 | D:6      | Identified a +0 robe
 17747 | D:7      | Identified a +0 dagger of draining
 17847 | D:9      | Identified a +0 dagger of draining
 17865 | D:9      | Killed Jase's ghost
 18030 | Orc:1    | Entered Level 1 of the Orcish Mines
 18030 | Orc:1    | Identified a +0 dagger
 18030 | Orc:1    | Identified a +0 robe
 18030 | Orc:1    | Identified a +0 trident
 18030 | Orc:1    | Identified a +1 dagger of venom
 18030 | Orc:1    | Identified a +0 war axe
 18030 | Orc:1    | Identified a +0 long sword
 18030 | Orc:1    | Identified a +0 plate armour
 18030 | Orc:1    | Identified a +0 flail
 18030 | Orc:1    | Identified a +0 leather armour
 18030 | Orc:1    | Identified a +0 hand axe
 18030 | Orc:1    | Identified a +1 hand axe of freezing
 18030 | Orc:1    | Identified a +0 ring mail
 18030 | Orc:1    | Identified a +0 giant club
 18080 | Orc:1    | Identified a +0 trident
 18081 | Orc:1    | Identified a +0 whip
 18081 | Orc:1    | Identified a +0 ring mail
 18082 | Orc:1    | Identified a +0 morningstar
 18082 | Orc:1    | Identified a +0 plate armour
 18143 | Orc:1    | Identified a +0 dagger of venom
 18143 | Orc:1    | Noticed Sonja
 18151 | Orc:1    | Identified a +0 dagger
 18151 | Orc:1    | Identified a +0 scale mail
 18151 | Orc:1    | Identified a +0 flail
 18152 | Orc:1    | Identified a +0 glaive
 18152 | Orc:1    | Identified a +0 plate armour
 18160 | Orc:1    | Killed Sonja
 18230 | Orc:1    | Identified a +1 long sword of protection
 18230 | Orc:1    | Identified a +0 chain mail
 18231 | Orc:1    | Identified a +0 dagger
 18231 | Orc:1    | Identified a +0 robe
 18231 | Orc:1    | Identified a +0 club
 18231 | Orc:1    | Identified a +0 leather armour
 18506 | Orc:2    | Entered Level 2 of the Orcish Mines
 18506 | Orc:2    | Identified a +0 giant club
 18578 | Orc:2    | Identified a +0 giant spiked club
 18601 | Orc:2    | Identified a +0 hand axe
 18601 | Orc:2    | Identified a +0 club
 18604 | Orc:2    | Identified a +0 trident
 18604 | Orc:2    | Identified a +0 plate armour
 18605 | Orc:2    | Identified a +0 falchion
 18606 | Orc:2    | Identified a +0 short sword
 18718 | Orc:2    | Identified a +0 battleaxe
 18718 | Orc:2    | Identified a +0 chain mail
 18729 | Orc:2    | Identified a +0 hand axe
 18729 | Orc:2    | Identified a +0 plate armour
 18729 | Orc:2    | Identified a +0 dagger
 18729 | Orc:2    | Identified a +0 robe
 18729 | Orc:2    | Identified a +2 dagger of holy wrath
 18729 | Orc:2    | Identified a +2 robe of fire resistance
 18732 | Orc:2    | Identified a +0 hand axe
 18737 | Orc:2    | Identified a +1 dagger of draining
 18737 | Orc:2    | Identified a +0 robe of cold resistance
 18748 | Orc:2    | Identified a +0 flail
 18748 | Orc:2    | Identified a +0 ring mail
 18750 | Orc:2    | Identified a +0 long sword
 18750 | Orc:2    | Identified a +0 chain mail
 18752 | Orc:2    | Identified a +0 flail
 18772 | Orc:2    | Identified a +0 dagger
 18772 | Orc:2    | Identified a +0 robe
 18774 | Orc:2    | Identified a +0 halberd
 18774 | Orc:2    | Identified a +0 plate armour
 18778 | Orc:2    | Identified a +0 flail
 18779 | Orc:2    | Identified a +0 giant spiked club
 18807 | Orc:2    | Found a staircase to the Elven Halls.
 18822 | Orc:2    | Identified a +0 battleaxe
 18822 | Orc:2    | Identified a +0 chain mail
 18837 | Orc:2    | Identified a +0 battleaxe
 18837 | Orc:2    | Identified a +0 chain mail
 18846 | Orc:2    | Identified a +0 mace
 18846 | Orc:2    | Identified a +2 arbalest of electrocution
 18846 | Orc:2    | Identified a +0 chain mail
 18851 | Orc:2    | Identified a +0 war axe
 18851 | Orc:2    | Identified a +0 plate armour
 18852 | Orc:2    | Identified a +0 dagger
 18852 | Orc:2    | Identified a +0 robe
 18861 | Orc:2    | Gained mutation: A meltable shield of frost defends you.
                  | (SH +0) [demonic ancestry]
 18861 | Orc:2    | Reached XP level 14. HP: 94/99 MP: 20/20
 18862 | Orc:2    | Identified a +0 dagger
 18862 | Orc:2    | Identified a +0 scale mail
 18865 | Orc:2    | Identified a +0 mace
 18865 | Orc:2    | Identified a +0 mace
 18865 | Orc:2    | Identified a +0 ring mail
 18865 | Orc:2    | Identified a +0 scimitar
 18865 | Orc:2    | Identified a +0 plate armour
 18865 | Orc:2    | Identified a +0 dagger
 18865 | Orc:2    | Identified a +0 robe
 18866 | Orc:2    | Identified a +0 mace
 18866 | Orc:2    | Identified a +0 leather armour
 18868 | Orc:2    | Identified a +0 dagger
 18868 | Orc:2    | Identified a +0 robe
 18868 | Orc:2    | Identified a +1 heavy mace
 18868 | Orc:2    | Identified a +0 scale mail
 18868 | Orc:2    | Identified a +0 mace
 18868 | Orc:2    | Identified a +0 leather armour
 18868 | Orc:2    | Identified a +0 long sword
 18868 | Orc:2    | Identified a +0 plate armour
 18868 | Orc:2    | Identified a +0 dagger
 18868 | Orc:2    | Identified a +1 robe of willpower
 18869 | Orc:2    | Identified a +0 dagger
 18869 | Orc:2    | Identified a +0 robe
 18869 | Orc:2    | Identified a +0 short sword
 18869 | Orc:2    | Identified a +0 chain mail
 18869 | Orc:2    | Identified a +0 glaive
 18869 | Orc:2    | Identified a +0 chain mail
 18873 | Orc:2    | Identified a +1 dagger of venom
 18873 | Orc:2    | Identified a +2 robe of willpower
 18875 | Orc:2    | Identified a +0 dagger
 18875 | Orc:2    | Identified a +0 leather armour
 18875 | Orc:2    | Identified a +4 dagger
 18875 | Orc:2    | Identified a +0 robe
 18876 | Orc:2    | Identified a +0 falchion
 18878 | Orc:2    | Paralysed by an orc sorcerer for 2 turns
 18879 | Orc:2    | Identified a +3 war axe of freezing
 18879 | Orc:2    | Identified a +0 chain mail
 18879 | Orc:2    | Noticed an orc warlord
 18879 | Orc:2    | Identified a +0 glaive
 18879 | Orc:2    | Identified a +0 chain mail
 18881 | Orc:2    | Identified a +0 dire flail
 18881 | Orc:2    | Identified a +0 chain mail
 18884 | Orc:2    | Reached skill level 6 in Short Blades
 18884 | Orc:2    | Reached skill level 6 in Long Blades
 18887 | Orc:2    | Identified a +0 war axe
 18887 | Orc:2    | Identified a +0 chain mail
 18887 | Orc:2    | Identified a +1 dagger of holy wrath
 18889 | Orc:2    | Identified a +0 war axe
 18890 | Orc:2    | Identified a +0 dagger
 18925 | Orc:2    | Identified a +0 dagger of draining
 19052 | Orc:2    | Identified a +2 dire flail
 19052 | Orc:2    | Identified a +0 chain mail
 19054 | Orc:2    | Identified a +0 dagger
 19054 | Orc:2    | Identified a +0 robe
 19054 | Orc:2    | Identified a +0 short sword
 19054 | Orc:2    | Identified a +0 chain mail
 19056 | Orc:2    | Identified a +0 club
 19056 | Orc:2    | Identified a +0 ring mail
 19075 | Orc:2    | Identified a +0 dagger
 19075 | Orc:2    | Identified a +0 robe
 19109 | Orc:2    | Identified a +0 dagger of draining
 19325 | Orc:2    | Identified a +0 club
 19394 | Orc:1    | Identified a +0 dagger of draining
 19704 | Orc:2    | Killed an orc warlord
 19748 | Orc:2    | Identified a +0 dagger of draining
 19985 | Orc:2    | Identified a +0 dagger of draining
 20101 | Orc:2    | Found Nuji's Antique Armour Shoppe.
 20119 | Orc:2    | Found Niamoso's Book Shoppe.
 20147 | Orc:2    | Found Cahau's General Store.
 20154 | Orc:2    | Bought a phantom mirror for 600 gold pieces
 20205 | Orc:2    | Found Xonlauq's Antique Weapon Shoppe.
 20215 | Orc:2    | Identified a +0 dagger of draining
 20520 | Lair:1   | Entered Level 1 of the Lair of Beasts
 20579 | Lair:1   | Identified a +2 mace of protection
 20740 | Lair:1   | Reached skill level 5 in Shields
 20758 | Lair:1   | Identified a +2 trident of freezing
 21066 | Lair:2   | Identified a +0 dagger of draining
 21081 | Lair:2   | Reached skill level 7 in Long Blades
 21110 | Lair:2   | Identified a +0 dagger of draining
 21269 | Lair:2   | Identified 7 potions of curing
 21270 | Lair:2   | Identified 4 potions of brilliance
 21271 | Lair:2   | Identified 3 potions of might
 21272 | Lair:2   | Identified 3 potions of degeneration
 21319 | Lair:2   | Identified a +0 ring mail
 21828 | Lair:3   | Identified a +0 long sword
 21951 | Lair:3   | Found a dark tunnel.
 21960 | Volcano  | Entered a volcano
 22069 | Lair:3   | Identified a +0 dagger of draining
 22206 | Lair:3   | Found a staircase to the Shoals.
 22230 | Lair:3   | Reached skill level 8 in Long Blades
 22439 | Lair:3   | Reached ***** piety under Hepliaklqana
 22439 | Lair:3   | Identified a +0 dire flail
 22442 | Lair:3   | Identified a +0 halberd
 22443 | Lair:3   | Identified a +0 short sword
 22443 | Lair:3   | Identified a +0 trident of venom
 22443 | Lair:3   | Identified a +0 robe
 22443 | Lair:3   | Identified a +0 war axe
 22443 | Lair:3   | Identified a +0 robe
 22849 | Lair:3   | Found a staircase to the Snake Pit.
 22943 | Lair:3   | Identified a potion of magic
 23006 | Lair:3   | Identified a +0 ring mail
 23251 | Lair:4   | Reached skill level 9 in Long Blades
 23266 | Lair:4   | You fall into a shaft and drop 1 floor!
 23266 | Lair:5   | Entered Level 5 of the Lair of Beasts
 23314 | Lair:5   | Found a staircase to the Slime Pits.
 23314 | Lair:5   | Found a viscous altar of Jiyva.
 23323 | Lair:5   | Identified a +0 dagger of draining
 23407 | Lair:5   | Identified a +0 dagger of draining
 23505 | Lair:5   | Identified a +0 dagger of draining
 23710 | Lair:5   | Reached skill level 10 in Long Blades
 23802 | Lair:5   | Identified a +0 dagger of draining
 23958 | Lair:5   | Identified the scarf of the Raven {+Inv, rF- Regen+ Str+5
                  | Dex+3}
 23978 | Lair:5   | Identified a +0 club
 24094 | Lair:5   | Identified a +0 falchion of holy wrath
 24141 | Lair:5   | Identified a +2 demon blade of draining
 24200 | Lair:5   | Reached skill level 11 in Long Blades
 24262 | Lair:4   | Identified a potion of flight
 24377 | Lair:4   | Gained mutation: Your magical and physical power is
                  | slightly enhanced at high health. [demonic ancestry]
 24377 | Lair:4   | Reached XP level 15. HP: 104/104 MP: 21/21
 24412 | Lair:4   | Identified a +0 mace
 24441 | Lair:4   | Identified 2 potions of cancellation
 24561 | Lair:4   | Identified 2 potions of mutation
 24562 | Lair:4   | Identified a scroll of poison
 24786 | Lair:4   | Identified a +0 scale mail
 24835 | Lair:5   | Identified a +0 sling
 25031 | Lair:5   | Reached skill level 12 in Long Blades
 25401 | Lair:5   | Found a runed translucent door.
 25425 | Lair:5   | Identified +0 ice dragon scales
 25573 | Lair:5   | Identified a +0 dagger of draining
 25690 | Lair:5   | Identified a +0 trident
 26214 | D:13     | Killed Frances
 26469 | Snake:1  | Entered Level 1 of the Snake Pit
 26504 | Snake:1  | Identified a +0 battleaxe
 26504 | Snake:1  | Identified a +0 robe
 26504 | Snake:1  | Identified a +0 halberd
 26505 | Snake:1  | Identified a +0 spear
 26524 | Snake:1  | Reached skill level 13 in Long Blades
 26810 | Snake:1  | Identified a +0 leather armour
 26908 | Snake:1  | Found a runed translucent door.
 26909 | Snake:1  | Identified a +0 scimitar
 26909 | Snake:1  | Identified a +0 robe
 26909 | Snake:1  | Noticed pigah's ghost (adept OpAE)
 27056 | Snake:1  | Identified a +0 halberd
 27056 | Snake:1  | Identified a +0 shortbow
 27057 | Snake:1  | Identified a +0 hand axe
 27057 | Snake:1  | Identified a +0 shortbow
 27057 | Snake:1  | Identified a +0 robe
 27058 | Snake:1  | Identified a +0 mace
 27058 | Snake:1  | Identified a +0 longbow
 27070 | Snake:1  | Reached skill level 2 in Necromancy
 27345 | Lair:5   | Identified a scroll of acquirement
 27345 | Lair:5   | Acquired a manual of Shields
 27399 | Snake:1  | Identified a +0 pair of gloves
 27497 | Snake:1  | Identified a +0 flail of protection
 27497 | Snake:1  | Identified a +0 robe
 27914 | Snake:1  | Killed pigah's ghost
 27915 | Snake:1  | Reached skill level 9 in Invocations
 27943 | Snake:2  | Identified 3 scrolls of butterflies
 28035 | Snake:2  | Identified a +0 halberd
 28122 | Snake:2  | Identified a +0 war axe
 28122 | Snake:2  | Identified a +0 robe
 28131 | Snake:2  | Identified a +0 scimitar
 28131 | Snake:2  | Identified a +0 robe
 28270 | Snake:2  | Identified a +0 scimitar
 28272 | Snake:2  | Identified a +1 flail of distortion
 28272 | Snake:2  | Identified a +0 robe
 28272 | Snake:2  | Identified a +0 war axe
 28272 | Snake:2  | Identified a +0 robe
 28272 | Snake:2  | Identified a +0 flail
 28281 | Snake:2  | Identified a +0 club
 28283 | Snake:2  | Identified a +0 dagger
 28283 | Snake:2  | Identified a +0 robe
 28288 | Snake:2  | Identified a +0 long sword
 28288 | Snake:2  | Identified a +0 robe
 28293 | Snake:2  | Identified a +0 battleaxe
 28293 | Snake:2  | Identified a +0 trident
 28330 | Snake:2  | Identified a +0 halberd of freezing
 28336 | Snake:2  | Reached skill level 4 in Spellcasting
 28350 | Snake:2  | Reached skill level 6 in Shields
 28354 | Snake:2  | Identified a +3 flail
 28354 | Snake:2  | Identified a +0 robe
 28371 | Snake:2  | Identified a +0 halberd
 28371 | Snake:2  | Identified a +0 shortbow
 28374 | Snake:2  | Reached skill level 3 in Necromancy
 28379 | Snake:2  | Identified a +0 short sword
 28677 | Snake:2  | Identified a +0 troll leather armour
 28848 | Snake:3  | Identified a +0 halberd
 28848 | Snake:3  | Identified a +3 trident of freezing
 28848 | Snake:3  | Identified a +0 robe
 28849 | Snake:3  | Identified a +0 spear
 28849 | Snake:3  | Identified a +0 dire flail
 28849 | Snake:3  | Identified a +0 robe
 28852 | Snake:3  | Identified a +0 glaive
 28885 | Snake:3  | Identified a +0 battleaxe of venom
 28885 | Snake:3  | Identified a +2 shortbow of draining
 28908 | Snake:3  | Identified a +0 pair of gloves
 28955 | Snake:3  | Identified a +1 heavy spear
 28997 | Snake:3  | Identified a +0 scimitar
 28997 | Snake:3  | Identified a +0 robe
 28997 | Snake:3  | Identified a +0 halberd
 28997 | Snake:3  | Identified a +0 battleaxe
 28998 | Snake:3  | Identified a +0 hand axe
 28998 | Snake:3  | Identified a +0 robe
 29005 | Snake:3  | Identified a +0 long sword
 29012 | Snake:3  | Identified a +0 trident of freezing
 29014 | Snake:3  | Identified a +0 scimitar
 29037 | Snake:3  | HP: 25/105 [shock serpent/bolt of electricity (9)]
 29071 | Snake:2  | Identified a +0 dagger of draining
 29186 | Snake:3  | Identified a +0 battleaxe
 29186 | Snake:3  | Identified a +0 robe
 29187 | Snake:3  | Identified a +0 mace
 29188 | Snake:3  | Identified a +0 whip
 29188 | Snake:3  | Identified a +0 halberd
 29188 | Snake:3  | Identified a +0 robe
 29189 | Snake:3  | Identified a +0 war axe
 29189 | Snake:3  | Identified a +0 robe
 29189 | Snake:3  | Identified a +1 tower shield of protection
 29189 | Snake:3  | Identified a +0 glaive
 29221 | Snake:3  | Reached skill level 10 in Armour
 29221 | Snake:3  | Reached skill level 10 in Invocations
 29273 | Snake:3  | Identified a +0 dagger of draining
 29283 | Snake:3  | Identified a +0 scimitar
 29283 | Snake:3  | Identified a +0 robe
 29285 | Snake:3  | Identified a +0 hand axe
 29285 | Snake:3  | Identified a +0 heavy dire flail
 29286 | Snake:3  | Identified a +0 short sword
 29288 | Snake:3  | Identified a +0 short sword
 29288 | Snake:3  | Identified a +1 tower shield of protection
 29296 | Snake:3  | Reached skill level 7 in Shields
 29447 | Snake:3  | Identified a +0 halberd
 29447 | Snake:3  | Identified a +0 robe
 29448 | Snake:3  | Identified a +0 hand axe
 29452 | Snake:3  | Noticed Aizul
 29475 | Snake:3  | Killed Aizul
 29476 | Snake:3  | Reached XP level 16. HP: 111/111 MP: 23/23
 29527 | Snake:3  | Identified a +0 dagger of draining
 29566 | Snake:3  | Identified a +0 falchion
 29647 | Snake:3  | Reached skill level 8 in Shields
 29862 | Snake:3  | Identified a +0 leather armour
 29951 | Snake:4  | Entered Level 4 of the Snake Pit
 29965 | Snake:4  | Identified a +0 glaive
 29965 | Snake:4  | Identified a +0 robe
 29988 | Snake:4  | Reached skill level 9 in Shields
 30014 | Snake:4  | Identified a +0 war axe
 30015 | Snake:4  | Identified a +0 broad axe
 30015 | Snake:4  | Identified a +0 flail
 30015 | Snake:4  | Identified a +0 long sword
 30015 | Snake:4  | Identified a +0 battleaxe
 30015 | Snake:4  | Identified a +0 mace
 30015 | Snake:4  | Identified a +0 robe
 30015 | Snake:4  | Identified a +0 kite shield
 30026 | Snake:4  | Identified a +0 trident
 30027 | Snake:4  | Identified a +0 flail
 30027 | Snake:4  | Identified a +0 robe
 30031 | Snake:4  | Identified a +0 flail
 30033 | Snake:4  | Identified a +0 halberd
 30035 | Snake:4  | Identified a +0 trident
 30035 | Snake:4  | Identified a +0 flail
 30054 | Snake:4  | Reached skill level 10 in Shields
 30077 | Snake:4  | Identified a +0 dagger of draining
 30133 | Snake:4  | Identified a +1 short sword of venom
 30133 | Snake:4  | Identified a +0 shortbow
 30136 | Snake:4  | Identified a +0 dire flail
 30136 | Snake:4  | Identified a +0 scimitar
 30137 | Snake:4  | Identified a +0 trident
 30208 | Snake:4  | Reached skill level 11 in Shields
 30208 | Snake:4  | Identified a +0 dagger of draining
 30212 | Snake:4  | Identified a +4 trident
 30228 | Snake:4  | Identified a +0 whip
 30267 | Snake:4  | Identified a +0 flail
 30270 | Snake:4  | Identified a +0 club
 30271 | Snake:4  | Identified a +0 flail
 30274 | Snake:4  | Identified a +0 long sword
 30379 | Snake:4  | Identified a +0 glaive
 30379 | Snake:4  | Identified a +0 flail
 30379 | Snake:4  | Identified a +0 robe
 30384 | Snake:4  | Identified a +0 heavy halberd
 30389 | Snake:4  | Reached skill level 12 in Shields
 30401 | Snake:4  | Identified a +0 spear
 30403 | Snake:4  | Identified a +0 dire flail
 30403 | Snake:4  | Identified a +0 longbow
 30403 | Snake:4  | Identified a +0 war axe
 30403 | Snake:4  | Identified a +0 scimitar
 30403 | Snake:4  | Identified a +0 battleaxe
 30404 | Snake:4  | Identified a +0 spear
 30404 | Snake:4  | Identified a +0 trident
 30407 | Snake:4  | Identified a +0 halberd
 30433 | Snake:4  | Reached skill level 13 in Shields
 30529 | Snake:4  | Identified a +0 trident
 30530 | Snake:4  | Identified a +0 whip
 30532 | Snake:4  | Identified a +0 spear
 30596 | Snake:4  | Identified a +0 trident
 30607 | Snake:4  | Noticed puppykicker's ghost (adept DsAr)
 30608 | Snake:4  | Identified a +0 long sword
 30608 | Snake:4  | Identified a +0 robe
 30608 | Snake:4  | Identified a +0 tower shield of poison resistance
 30616 | Snake:4  | Found a runed translucent gate.
 30616 | Snake:4  | Found a runed translucent gate.
 30617 | Snake:4  | Found a runed translucent gate.
 30618 | Snake:4  | Identified a +0 scimitar
 30618 | Snake:4  | Identified a +0 arbalest
 30619 | Snake:4  | Identified a +0 halberd
 30619 | Snake:4  | Identified a +0 robe
 30633 | Snake:4  | Found Qonwajoth's Book Shoppe.
 30634 | Snake:4  | Found Axkiynnor's Weapon Shoppe.
 30638 | Snake:4  | Found Gackahoi's Book Shoppe.
 30640 | Snake:4  | Found Qethrany's Distillery.
 30666 | Snake:4  | Bought a potion of berserk rage for 85 gold pieces
 30666 | Snake:4  | Bought 2 potions of curing for 102 gold pieces
 30666 | Snake:4  | Bought a potion of heal wounds for 85 gold pieces
 30666 | Snake:4  | Bought a potion of cancellation for 136 gold pieces
 30666 | Snake:4  | Bought a potion of might for 68 gold pieces
 30666 | Snake:4  | Bought a potion of lignification for 51 gold pieces
 30855 | Snake:4  | Identified a +0 broad axe
 30855 | Snake:4  | Identified a +0 robe
 30856 | Snake:4  | Identified a +0 dagger
 30856 | Snake:4  | Identified a +0 robe
 30877 | Snake:4  | Identified a +4 mace
 30877 | Snake:4  | Identified a +0 arbalest
 30880 | Snake:4  | Reached skill level 14 in Shields
 30914 | Snake:4  | HP: 7/111 [lindwurm/blast of flame (25)]
 30934 | Snake:4  | Identified a +0 dagger of draining
 31249 | Snake:4  | Identified a +0 ring mail
 31254 | Snake:4  | Identified a +2 long sword of electrocution
 31254 | Snake:4  | Identified a +0 kite shield
 31275 | Snake:4  | Identified a +0 whip
 31275 | Snake:4  | Identified a +0 robe
 31275 | Snake:4  | Identified a +0 scimitar
 31275 | Snake:4  | Identified a +0 robe
 31291 | Snake:4  | Identified a +0 hand axe
 31309 | Snake:4  | Identified a +0 trident
 31309 | Snake:4  | Identified a +0 shortbow
 31309 | Snake:4  | Identified a +0 robe
 31323 | Snake:4  | Identified a +0 spear
 31323 | Snake:4  | Identified a +0 robe
 31323 | Snake:4  | Identified a +0 short sword
 31323 | Snake:4  | Identified a +3 glaive
 31324 | Snake:4  | Identified a +0 trident
 31324 | Snake:4  | Identified a +0 shortbow of flaming
 31326 | Snake:4  | Identified a +0 short sword
 31326 | Snake:4  | Identified a +0 longbow
 31326 | Snake:4  | Identified a +0 robe
 31338 | Snake:4  | HP: 22/111 [salamander/+3 glaive (13)]
 31339 | Snake:4  | Reached skill level 11 in Fighting
 31394 | Snake:4  | Identified a +0 dagger of draining
 31747 | Snake:4  | Identified a +0 shortbow of flaming
 32088 | Snake:4  | Identified a +0 dagger of draining
 32162 | Snake:4  | Gained mutation: Your magical and physical power is
                  | enhanced at high health. [demonic ancestry]
 32162 | Snake:4  | Reached XP level 17. HP: 47/117 MP: 24/24
 32195 | Snake:4  | Identified a +0 dagger of draining
 32392 | Snake:4  | Got a serpentine rune of Zot
 32621 | Shoals:1 | Entered Level 1 of the Shoals
 32693 | Shoals:1 | Identified a +0 trident
 32693 | Shoals:1 | Identified a +0 robe
 32718 | Shoals:1 | Identified a +3 scimitar
 32761 | Shoals:1 | Identified a +0 trident
 32764 | Shoals:1 | Identified a +0 spear
 32764 | Shoals:1 | Identified a +0 sling of flaming
 32764 | Shoals:1 | Identified a +1 vampiric demon trident
 32764 | Shoals:1 | Identified a +0 leather armour
 32764 | Shoals:1 | Identified a +0 spear
 32764 | Shoals:1 | Identified a +0 sling
 32767 | Shoals:1 | Identified a +0 quarterstaff
 32767 | Shoals:1 | Identified a +0 sling
 32774 | Shoals:1 | Reached skill level 15 in Shields
 32787 | Shoals:1 | Identified a +0 trident
 32789 | Shoals:1 | Found a transporter.
 32790 | Shoals:1 | Identified a +0 long sword
 32792 | Shoals:1 | Identified a +0 shortbow
 32811 | Shoals:1 | Identified a +2 spear of freezing
 32811 | Shoals:1 | Identified a +0 leather armour
 32812 | Shoals:1 | Identified a +0 quarterstaff
 32812 | Shoals:1 | Identified a +3 sling
 32816 | Shoals:1 | Identified a +0 shortbow
 32821 | Shoals:1 | Identified a +2 trident of protection
 32833 | Shoals:1 | Identified a +3 trident of freezing
 32833 | Shoals:1 | Identified a +0 robe
 32837 | Shoals:1 | Identified a +3 trident of venom
 32837 | Shoals:1 | Identified a +0 spear
 32837 | Shoals:1 | Identified a +0 trident
 32843 | Shoals:1 | Reached skill level 14 in Long Blades
 32912 | Shoals:1 | Identified a +0 trident of venom
 32912 | Shoals:1 | Identified a +0 robe
 32929 | Shoals:1 | Found a transporter.
 33051 | Shoals:1 | Identified a +0 trident
 33300 | Shoals:2 | Identified a +0 trident
 33300 | Shoals:2 | Identified a +0 trident
 33303 | Shoals:2 | Identified a +6 rapier of holy wrath
 33303 | Shoals:2 | Identified a +0 robe
 33480 | Shoals:2 | Reached skill level 11 in Armour
 33520 | Shoals:2 | Identified a +0 spear
 33520 | Shoals:2 | Identified a +0 sling
 33522 | Shoals:2 | Identified a +0 spear
 33522 | Shoals:2 | Identified a +0 spear
 33522 | Shoals:2 | Identified a +0 sling
 33557 | Shoals:2 | Identified a +0 heavy trident
 33557 | Shoals:2 | Identified a +0 robe
 33574 | Shoals:2 | Found a runed translucent gate.
 33574 | Shoals:2 | Found a runed translucent gate.
 33574 | Shoals:2 | Found a runed translucent gate.
 33575 | Shoals:2 | Noticed Xomnowas's ghost (journeyman HOFi)
 33678 | Shoals:2 | Identified a +0 spear
 33750 | Shoals:2 | Identified a +3 trident of protection
 33750 | Shoals:2 | Identified a +3 chain mail of poison resistance
 33750 | Shoals:2 | Identified a +0 tower shield
 33750 | Shoals:2 | Noticed Louise
 33754 | Shoals:2 | Identified a +0 trident
 33766 | Shoals:2 | Killed Louise
 33983 | Shoals:2 | Killed Xomnowas's ghost
 34020 | Shoals:2 | Identified a +6 ring of intelligence
 34038 | Shoals:2 | Identified a +0 dagger of draining
 34053 | Shoals:3 | Identified a +1 shortbow of flaming
 34059 | Shoals:3 | Identified a +0 quarterstaff
 34059 | Shoals:3 | Identified a +0 sling
 34106 | Shoals:3 | Identified a +0 dagger of draining
 34111 | Shoals:3 | Found a frozen archway.
 34126 | IceCv    | Entered an ice cave
 34325 | IceCv    | Identified a +0 dagger of draining
 34335 | IceCv    | Identified +0 ice dragon scales
 34464 | IceCv    | Identified a +0 dagger of draining
 34493 | IceCv    | Identified a +0 morningstar
 34632 | IceCv    | Identified a +0 kite shield of cold resistance
 34637 | IceCv    | Acquired a ring of protection from fire
 34653 | IceCv    | Reached skill level 16 in Shields
 34714 | IceCv    | Identified a +0 dagger of draining
 34741 | IceCv    | Identified the +3 leather armour of the Yeti {rElec rN+
                  | Dex+4}
 34743 | IceCv    | Identified a +0 pair of boots of stealth
 34757 | IceCv    | Identified a +0 sling
 34758 | IceCv    | Identified a +1 executioner's axe of freezing
 34759 | IceCv    | Identified a +2 halberd of freezing
 35276 | Shoals:3 | Identified a +0 spear
 35277 | Shoals:3 | Identified a +0 halberd
 35278 | Shoals:3 | Identified a +0 club
 35278 | Shoals:3 | Identified a +0 sling
 35278 | Shoals:3 | Identified a +3 trident of venom
 35278 | Shoals:3 | Identified a +0 robe
 35278 | Shoals:3 | Identified a +0 halberd of distortion
 35278 | Shoals:3 | Identified a +0 spear
 35278 | Shoals:3 | Identified a +0 spear
 35282 | Shoals:3 | Identified a +0 halberd
 35287 | Shoals:3 | Identified a +1 demon trident of electrocution
 35287 | Shoals:3 | Identified a +0 leather armour
 35290 | Shoals:3 | Identified a +0 glaive
 35291 | Shoals:3 | Identified a +0 shortbow
 35295 | Shoals:3 | HP: 25/117 [merfolk impaler/+1 demon trident of
                  | electrocution (20)]
 35296 | Shoals:3 | Identified a +0 sling
 35296 | Shoals:3 | Identified a +0 spear
 35373 | Shoals:3 | Identified a +2 vampiric trident
 35373 | Shoals:3 | Identified a +0 leather armour
 35405 | Shoals:3 | Identified a +0 quarterstaff
 35405 | Shoals:3 | Identified a +0 sling
 35409 | Shoals:3 | Identified a +0 quarterstaff
 35409 | Shoals:3 | Identified a +0 sling
 35438 | Shoals:3 | Identified a +0 quarterstaff
 35438 | Shoals:3 | Identified a +0 longbow
 35440 | Shoals:3 | Identified a +0 club
 35440 | Shoals:3 | Identified a +0 longbow
 35443 | Shoals:3 | Identified a +0 spear
 35443 | Shoals:3 | Identified a +0 sling
 35472 | Shoals:3 | Identified a +0 battleaxe
 35594 | Shoals:3 | Identified a +0 trident
 35594 | Shoals:3 | Identified a +0 trident
 35738 | Shoals:3 | Identified a +0 trident
 35754 | Shoals:3 | Identified a +0 rapier
 35754 | Shoals:3 | Identified a +0 robe
 35799 | Shoals:4 | Entered Level 4 of the Shoals
 35821 | Shoals:4 | Identified a +0 trident
 35827 | Shoals:4 | Identified a +0 scale mail
 35831 | Shoals:4 | Identified a +0 quarterstaff
 35831 | Shoals:4 | Identified a +0 sling
 35834 | Shoals:4 | Identified a +0 spear
 35834 | Shoals:4 | Identified a +2 sling of draining
 35842 | Shoals:4 | Identified a +0 club
 35842 | Shoals:4 | Identified a +0 sling
 35843 | Shoals:4 | Reached XP level 18. HP: 119/124 MP: 25/25
 35864 | Shoals:4 | Identified a +0 trident
 35865 | Shoals:4 | Identified a +2 quarterstaff of holy wrath
 35865 | Shoals:4 | Identified a +0 sling
 35926 | Shoals:4 | Identified the ring of the Saviour {MP+9 Dex+3 Slay+2}
 35945 | Shoals:4 | Identified a +1 halberd of pain
 35960 | Shoals:4 | Identified a +0 spear
 35960 | Shoals:4 | Identified a +0 sling
 35961 | Shoals:4 | Identified a +0 quarterstaff
 35961 | Shoals:4 | Identified a +0 sling
 35962 | Shoals:4 | Identified a +0 club
 35962 | Shoals:4 | Identified a +0 sling
 35996 | Shoals:4 | Identified a +1 lajatang of speed
 36023 | Shoals:4 | Identified a +0 dagger of draining
 36027 | Shoals:4 | Identified a +0 trident
 36046 | Shoals:4 | Identified a +0 trident
 36050 | Shoals:4 | Identified a +0 spear
 36050 | Shoals:4 | Identified a +0 longbow
 36070 | Shoals:4 | Identified the staff of earth "Teadgh" {Contam rF+ Str+3
                  | SInv}
 36073 | Shoals:4 | Identified a +4 rapier of venom
 36073 | Shoals:4 | Identified a +0 robe
 36074 | Shoals:4 | Identified a +0 quarterstaff
 36074 | Shoals:4 | Identified a +0 sling
 36080 | Shoals:4 | Identified a +0 trident
 36087 | Shoals:4 | Identified a +0 trident
 36087 | Shoals:4 | Identified a +0 leather armour
 36097 | Shoals:4 | Identified a +5 heavy spear
 36097 | Shoals:4 | Identified a +0 leather armour
 36144 | Shoals:4 | Identified a +3 spear of pain
 36144 | Shoals:4 | Identified a +0 leather armour
 36147 | Shoals:4 | Identified a +2 spear of flaming
 36147 | Shoals:4 | Identified a +0 leather armour
 36167 | Shoals:4 | HP: 30/125 [merfolk javelineer/silver javelin (7)]
 36204 | Shoals:3 | Identified a +0 dagger of draining
 36280 | Shoals:4 | Reached skill level 12 in Armour
 36298 | Shoals:4 | Identified a +0 trident
 36327 | Shoals:4 | Identified a +0 spear
 36327 | Shoals:4 | Identified a +0 longbow
 36327 | Shoals:4 | Identified a +0 spear
 36327 | Shoals:4 | Identified a +0 sling
 36352 | Shoals:4 | Identified a +0 quarterstaff
 36352 | Shoals:4 | Identified a +0 sling
 36387 | Shoals:4 | Got a barnacled rune of Zot
 36418 | Shoals:4 | Identified a +0 quarterstaff
 36418 | Shoals:4 | Noticed Bai Suzhen
 36437 | Shoals:4 | Killed Bai Suzhen
 36472 | Shoals:4 | Identified a +0 dagger of draining
 36710 | Shoals:4 | Identified a +4 vampiric trident
 36710 | Shoals:4 | Identified a +0 robe
 36931 | D:7      | Identified a +0 short sword
 37030 | D:1      | Bought a tin of tremorstones (2/2) for 800 gold pieces
 37306 | D:14     | Reached skill level 12 in Fighting
 37319 | D:14     | Reached skill level 15 in Long Blades
 37506 | D:15     | Reached skill level 17 in Shields
 37556 | D:15     | Killed jtron's ghost
 37575 | D:15     | Identified a +0 dagger of draining
 37610 | D:15     | Identified the +1 pair of gloves of Fortification {Will-
                  | Str+4 Dex+8}
 37668 | D:15     | Identified a +0 spear
 37823 | Orc:2    | Bought a wand of flame (7) for 73 gold pieces
 37874 | Elf:1    | Entered Level 1 of the Elven Halls
 37882 | Elf:1    | Identified a +0 dagger
 37982 | Elf:1    | Identified a +0 dagger
 37982 | Elf:1    | Identified a +0 leather armour
 38071 | Elf:1    | Identified a +3 short sword
 38086 | Elf:1    | Identified a +2 dire flail of protection
 38168 | Elf:1    | Identified a +0 short sword
 38168 | Elf:1    | Identified a +0 shortbow
 38168 | Elf:1    | Identified a +0 leather armour
 38174 | Elf:1    | Reached skill level 11 in Evocations
 38190 | Elf:1    | Identified a +0 rapier
 38193 | Elf:1    | Identified a +0 short sword
 38193 | Elf:1    | Identified a +0 shortbow
 38193 | Elf:1    | Identified a +0 leather armour
 38197 | Elf:1    | Identified a +0 short sword
 38197 | Elf:1    | Identified a +0 leather armour
 38197 | Elf:1    | Identified a +0 dagger
 38197 | Elf:1    | Identified a +0 scale mail
 38198 | Elf:1    | Identified a +0 dagger
 38198 | Elf:1    | Identified a +0 longbow of freezing
 38198 | Elf:1    | Identified a +0 leather armour
 38220 | Elf:1    | Identified a +0 rapier
 38221 | Elf:1    | Identified a +0 dagger
 38221 | Elf:1    | Identified a +0 longbow
 38221 | Elf:1    | Identified a +0 leather armour
 38222 | Elf:1    | Identified a +0 short sword
 38222 | Elf:1    | Identified a +0 shortbow
 38222 | Elf:1    | Identified a +0 leather armour of willpower
 38222 | Elf:1    | Identified a +0 dagger
 38222 | Elf:1    | Identified a +0 shortbow
 38222 | Elf:1    | Identified a +0 leather armour
 38280 | Elf:1    | Identified a +0 dagger of draining
 38622 | Elf:1    | Identified a +0 chain mail
 38637 | Elf:1    | Identified a +0 dagger
 38744 | Elf:1    | Identified a +0 short sword
 38744 | Elf:1    | Identified a +0 shortbow
 38744 | Elf:1    | Identified a +0 leather armour
 38744 | Elf:1    | Identified a +0 dagger
 38744 | Elf:1    | Identified a +1 rapier of venom
 38744 | Elf:1    | Identified a +0 scale mail
 38744 | Elf:1    | Identified a +0 long sword of holy wrath
 38744 | Elf:1    | Identified a +0 dagger
 38744 | Elf:1    | Identified a +0 shortbow
 38744 | Elf:1    | Identified a +0 leather armour
 38747 | Elf:1    | Identified a +0 scimitar
 38747 | Elf:1    | Identified a +0 buckler
 38749 | Elf:1    | Identified a +0 long sword
 38749 | Elf:1    | Identified a +0 long sword
 38749 | Elf:1    | Identified a +4 scimitar
 38749 | Elf:1    | Identified a +0 antimagic longbow
 38749 | Elf:1    | Identified a +3 antimagic halberd
 38750 | Elf:1    | Paralysed by an air elemental for 1 turns
 38755 | Elf:1    | Paralysed by an air elemental for 1 turns
 38762 | Elf:1    | Paralysed by an air elemental for 1 turns
 38763 | Elf:1    | HP: 13/126 [+3 antimagic halberd (19)]
 38768 | Elf:1    | Identified a +2 short sword of speed
 38768 | Elf:1    | Identified a +0 chain mail
 38806 | Elf:1    | Identified a +0 dagger of draining
 38858 | Elf:1    | Identified a +0 robe
 38992 | Elf:1    | Paralysed by an air elemental for 1 turns
 39104 | Elf:1    | Paralysed by an air elemental for 1 turns
 39106 | Elf:1    | Paralysed by an air elemental for 1 turns
 39279 | Elf:1    | Reached skill level 10 in Dodging
 39280 | Elf:1    | Identified the +0 leather armour of the Cartwright {rPois
                  | rC+ Regen+ rCorr}
 39366 | Elf:2    | Identified a +0 short sword
 39369 | Elf:2    | Identified a +5 hand axe of distortion
 39373 | Abyss:2  | Found a corrupted altar of Lugonu.
 39373 | Abyss:2  | Cast into level 2 of the Abyss (+5 hand axe of distortion)
 39435 | Abyss:2  | Identified a +0 dagger of draining
 39440 | Abyss:2  | Found a corrupted altar of Lugonu.
 39468 | Abyss:2  | Identified a +0 short sword
 39468 | Abyss:2  | Identified a +0 ring mail
 39468 | Abyss:2  | Noticed a deep elf sorcerer
 39475 | Abyss:2  | Killed a deep elf sorcerer
 39530 | Abyss:2  | Reached skill level 6 in Stealth
 39783 | Abyss:2  | Identified a +2 scythe of protection
 39852 | Abyss:2  | Identified a +0 dagger of draining
 39876 | Elf:2    | Escaped the Abyss
 39923 | Elf:2    | Identified a +0 short sword
 39938 | Elf:2    | Identified a +0 long sword
 39938 | Elf:2    | Identified a +0 rapier
 39938 | Elf:2    | Identified a +0 short sword
 39938 | Elf:2    | Identified a +0 scale mail
 39938 | Elf:2    | Identified a +0 buckler
 39939 | Elf:2    | Identified a +0 dagger
 39939 | Elf:2    | Identified a +0 leather armour
 39939 | Elf:2    | Identified a +0 dagger
 39939 | Elf:2    | Identified a +0 longbow
 39939 | Elf:2    | Identified a +0 leather armour
 39939 | Elf:2    | Identified a +0 rapier
 39939 | Elf:2    | Identified a +0 short sword
 39939 | Elf:2    | Identified a +0 shortbow
 39939 | Elf:2    | Identified a +0 scale mail of willpower
 39939 | Elf:2    | Identified a +0 short sword
 39939 | Elf:2    | Identified a +0 shortbow
 39939 | Elf:2    | Identified a +0 leather armour
 39940 | Elf:2    | Identified a +0 dagger of draining
 39940 | Elf:2    | Identified a +0 ring mail
 39940 | Elf:2    | Identified a +0 short sword
 39940 | Elf:2    | Noticed a deep elf demonologist
 39950 | Elf:2    | Identified a +0 long sword
 39950 | Elf:2    | Identified a +0 leather armour
 39951 | Elf:2    | Killed a deep elf demonologist
 39967 | Elf:2    | Identified a +0 short sword
 39967 | Elf:2    | Identified a +0 chain mail
 39973 | Elf:2    | HP: 26/126 [deep elf zephyrmancer/bolt of lightning (29)]
 39973 | Elf:2    | Killed from afar by a deep elf zephyrmancer

Table legend: (Time is in decaauts)
 A = Elapsed time spent in this place.
 B = Non-inter-level travel time spent in this place.
 C = Inter-level travel time spent in this place.
 D = Time resting spent in this place.
 E = Time spent auto-exploring this place.
 F = Levels seen in this place.
 G = Mean time per level.
                   A        B        C        D        E       F      G
               +--------+--------+--------+--------+--------+-----+--------+
         Total |  40428 |  36766 |   3662 |   7651 |  19142 |  36 | 1123.0 |
       Dungeon |  20054 |  17827 |   2227 |   4228 |   9623 |  15 | 1336.9 |
        Temple |     64 |     55 |      9 |      0 |      0 |   1 |   64.0 |
          Lair |   5612 |   5037 |    575 |   1092 |   2622 |   5 | 1122.4 |
        Shoals |   3377 |   3215 |    162 |    196 |   1885 |   4 |  844.2 |
     Snake Pit |   5898 |   5537 |    361 |   1077 |   2928 |   4 | 1474.5 |
  Orcish Mines |   2550 |   2292 |    258 |    805 |    857 |   2 | 1275.0 |
   Elven Halls |   1323 |   1258 |     65 |    138 |    767 |   2 |  661.5 |
         Abyss |    466 |    466 |      0 |     16 |     51 |   1 |  466.0 |
      Ice Cave |   1009 |   1009 |      0 |     98 |    394 |   1 | 1009.0 |
       Volcano |     71 |     71 |      0 |      0 |     13 |   1 |   71.0 |
               +--------+--------+--------+--------+--------+-----+--------+

Top non-repeatable levels by time:
 Snake:4: 2467 daAuts
    D:15: 2415 daAuts
     D:7: 2104 daAuts
  Lair:5: 2005 daAuts
    D:10: 1744 daAuts
   Orc:2: 1724 daAuts
     D:9: 1722 daAuts
  Lair:3: 1514 daAuts
     D:8: 1510 daAuts
     D:5: 1397 daAuts
 Snake:1: 1395 daAuts
    D:11: 1276 daAuts
   Elf:1: 1208 daAuts
    D:12: 1184 daAuts
    D:13: 1137 daAuts

Table legend:
 A = Kills in this place as a percentage of kills in the entire game.
 B = Kills by you in this place as a percentage of kills by you in the entire game.
 C = Kills by friends in this place as a percentage of kills by friends in the entire game.
 D = Other kills in this place as a percentage of other kills in the entire game.
 E = Experience gained in this place as a percentage of experience gained in the entire game.
 F = Experience gained in this place divided by the number of levels of this place that you have seen.
                   A       B       C       D       E      F
               +-------+-------+-------+-------+-------+----------------------
         Total | 100.0 | 100.0 | 100.0 | 100.0 | 100.0 | 10418.4
       Dungeon |  31.3 |  30.6 |  33.1 |  39.1 |  20.4 | 5099.5
          Lair |  16.9 |  17.3 |  16.9 |   4.3 |  12.1 | 9045.0
        Shoals |  14.4 |  15.5 |  11.3 |   8.7 |  20.8 | 19472.5
     Snake Pit |  17.1 |  16.9 |  17.3 |  21.7 |  26.5 | 24847.2
  Orcish Mines |   7.1 |   5.1 |  12.5 |  17.4 |   2.9 | 5386.5
   Elven Halls |   4.1 |   4.3 |   3.6 |   4.3 |   6.9 | 12928.5
         Abyss |   3.9 |   4.4 |   2.8 |   0.0 |   5.2 | 19488.0
      Ice Cave |   4.8 |   5.7 |   1.6 |   4.3 |   5.0 | 18851.0
       Volcano |   0.4 |   0.2 |   0.8 |   0.0 |   0.3 | 1095.0
               +-------+-------+-------+-------+-------+----------------------

Skill      XL: |  1  2  3  4  5  6  7  8  9 10 11 12 13 14 15 16 17 18 |
---------------+-------------------------------------------------------+-----
Dodging        | 1 2 3 4 5 6 7 8 9 10 | 10.0
Armour         | 2 3 4 5 6 7 8 9 10 11 12 | 12.6
Fighting       | 2 3 4 5 7 8 9 10 11 12 | 12.5
Evocations     | 4 5 6 7 8 9 10 11 | 11.0
Invocations    | 3 6 8 10 | 10.9
Spellcasting   | 2 3 4 |  4.0
Necromancy     | 1 3 |  3.3
Stealth        | 2 5 6 |  6.4
Short Blades   | 1 5 6 |  6.6
Long Blades    | 1 5 11 13 14 15 | 15.3
Shields        | 1 4 5 7 14 16 17 | 17.5

Action                     |  1- 3 |  4- 6 |  7- 9 | 10-12 | 13-15 | 16-18 || total
---------------------------+-------+-------+-------+-------+-------+-------++-------
  Melee: Club              |    35 |       |       |       |       |       ||    35
         Punch             |     2 |     1 |     5 |     8 |       |       ||    16
         Whip              |    24 |       |       |       |       |       ||    24
         Dagger            |    23 |    56 |       |       |       |       ||    79
         Spear             |    12 |     8 |       |       |       |       ||    20
         Morningstar       |       |    51 |       |       |       |       ||    51
         Falchion          |       |       |    72 |       |       |       ||    72
         Long sword        |       |       |   176 |   578 |   425 |       ||  1179
         Scimitar          |       |       |       |       |   748 |       ||   748
         Demon blade       |       |       |       |       |   211 |  1482 ||  1693
  Throw: Dart              |       |       |       |     2 |     4 |       ||     6
         Javelin           |       |       |       |     1 |       |     2 ||     3
         Throwing net      |       |       |       |       |     1 |       ||     1
 Invoke: Ancestor Identity |       |       |       |     1 |       |       ||     1
         Recall Ancestor   |       |       |       |     3 |     3 |     2 ||     8
         Ancestor Life: He |       |       |       |     1 |       |       ||     1
         Idealise          |       |       |       |       |     9 |    15 ||    24
         Transference      |       |       |       |       |     1 |     3 ||     4
  Evoke: Wand              |     9 |    17 |    18 |    40 |    10 |    11 ||   105
         Phantom mirror    |       |       |       |       |     1 |     1 ||     2
         Phial of floods   |       |       |       |       |       |     2 ||     2
    Use: Scroll            |     4 |       |     4 |    16 |    25 |    13 ||    62
         Potion            |       |     2 |     2 |     4 |     9 |     8 ||    25
   Stab: Sleeping          |     4 |       |     1 |     1 |    18 |    12 ||    36
         Betrayed ally     |       |       |       |     1 |       |       ||     1
         Distracted        |       |       |       |     7 |    36 |    29 ||    72
         Confused          |       |       |       |     5 |    41 |    35 ||    81
         Invisible         |       |       |       |     1 |       |     3 ||     4
         Petrified         |       |       |       |       |     5 |       ||     5
         Paralysed         |       |       |       |       |    24 |   119 ||   143
 Armour: Leather armour    |    24 |       |       |       |       |       ||    24
         Scale mail        |     4 |    63 |    64 |       |       |       ||   131
         Steam dragon scal |       |       |    89 |    93 |       |       ||   182
         Skin              |       |       |     2 |       |       |       ||     2
         Troll leather arm |       |       |       |    47 |       |       ||    47
         Shadow dragon sca |       |       |       |   137 |   671 |   304 ||  1112
  Dodge: Dodged            |    79 |    83 |   212 |   393 |   609 |   226 ||  1602
  Block: Other             |       |    16 |    91 |   141 |       |       ||   248
         Reflection        |       |       |     3 |     1 |    35 |   147 ||   186
         Buckler           |       |       |       |    10 |  1034 |       ||  1044
         Tower shield      |       |       |       |       |    38 |  1597 ||  1635

Vanquished Creatures
  Bai Suzhen (Shoals:4)
  2 tentacled starspawn (Abyss:2)
  Frances (D:13)
  Gastronok (D:10)
  The ghost of jtron the Nimble, an adept GnWn of Ashenzari (D:15)
  Aizul (Snake:3)
  A deep elf sorcerer (Abyss:2)
  Louise (Shoals:2)
  An orc warlord (Orc:2)
  A stone giant (D:15)
  A reaper (Abyss:2)
  A deep elf demonologist (Elf:2)
  The ghost of Xomnowas the Fighter, a journeyman HOFi of Beogh (Shoals:2)
  A minotaur (D:15)
  2 blizzard demons (IceCv)
  4 merfolk javelineers
  9 merfolk impalers
  An ice dragon (Lair:5)
  2 salamander tyrants (Snake:4)
  3 hydras
  10 anacondas (Snake:4)
  2 alligator snapping turtles (Shoals:4)
  7 centaur warriors
  3 boulder beetles
  4 vault guards (D:14)
  4 two-headed ogres
  2 merfolk avatars (Shoals:3)
  3 merfolk aquamancers
  3 dancing weapons
  13 naga warriors
  3 satyrs
  4 tengu warriors (D:15)
  Sonja (Orc:1)
  5 deep elf knights
  8 shock serpents
  The ghost of Jase the Geomancer, a novice GrEE of Cheibriados (D:9)
  A skyshark (Shoals:1)
  A sun demon (Abyss:2)
  3 wretched stars (Abyss:2)
  9 naga sharpshooters
  A fire crab (shapeshifter) (Elf:1)
  4 salamander mystics
  7 sea snakes
  An obsidian statue (IceCv)
  7 deep elf archers
  6 naga ritualists
  8 spriggan simulacra (IceCv)
  11 mana vipers
  5 lindwurms
  7 deep elf zephyrmancers
  A bog body (IceCv)
  2 harpies (Shoals:4)
  9 deep elf pyromancers
  3 orc knights
  3 ugly things
  17 fauns
  6 cyclopes
  11 manticores
  2 worldbinders (Abyss:2)
  13 salamanders
  13 naga magi
  4 elephants (Lair:4)
  A molten gargoyle (D:11)
  7 guardian serpents
  21 black mambas
  5 water nymphs
  4 torpor snails (Lair:5)
  3 merfolk sirens
  3 freezing wraiths (IceCv)
  3 komodo dragons
  10 cane toads
  A yaktaur (D:15)
  4 rime drakes
  3 smoke demons
  2 unseen horrors (D:10)
  2 anaconda simulacra (IceCv)
  A tengu conjurer (D:15)
  7 ice devils (IceCv)
  2 golden dragon simulacra (IceCv)
  19 merfolk
  A meliai (D:13)
  5 trolls
  2 tyrant leeches (Lair:5)
  A hydra zombie (Abyss:2)
  6 polar bears (Lair:5)
  A queen bee (shapeshifter) (Elf:1)
  5 blink frogs
  6 hornets (Lair:5)
  11 wind drakes
  5 snapping turtles
  Grinder (D:6)
  3 raiju
  15 dream sheep
  5 large abominations (Abyss:2)
  An air elemental (Elf:1)
  6 water elementals
  2 dire elephant simulacra (IceCv)
  A shadow (D:9)
  3 wyverns
  2 wraiths
  27 yaks
  8 slime creatures
  4 basilisks
  2 ynoxinuls (Abyss:2)
  2 steam dragons
  3 chaos spawn (Abyss:2)
  2 harpy simulacra (IceCv)
  7 wargs
  29 nagas
  3 sea snake simulacra (Shoals:2)
  3 vampire mosquitoes
  10 minotaur simulacra (IceCv)
  2 acid dragons (D:11)
  11 water moccasins
  14 hell hounds
  An ice beast (D:8)
  4 sky beasts
  7 small abominations (Abyss:2)
  2 swamp drakes (D:8)
  11 black bears
  3 merfolk simulacra (Shoals:2)
  16 orc warriors
  2 alligator simulacra (IceCv)
  A tengu (D:6)
  16 wolves
  5 ogres
  8 centaurs
  A wind drake simulacrum (Shoals:2)
  A phantom (D:7)
  A kobold brigand (D:11)
  2 earth elementals (Elf:1)
  6 deep troll simulacra (IceCv)
  A water nymph simulacrum (Shoals:2)
  10 bullfrogs
  4 scorpions
  8 wights
  8 killer bees
  2 manticore simulacra (Shoals:2)
  4 electric eels
  4 howler monkeys
  A lava snake (D:11)
  10 hounds
  4 jellies
  A quasit (Abyss:2)
  11 orc priests
  2 hexers
  10 orc wizards
  2 iguanas
  2 polar bear simulacra (D:12)
  3 yak simulacra (D:12)
  A wolf simulacrum (D:12)
  A gnoll (D:5)
  A shadow imp (Abyss:2)
  5 white imps
  3 dart slugs
  40 orcs
  4 ball pythons
  4 bats
  6 endoplasms
  4 giant cockroaches
  2 goblins
  3 hobgoblins
  2 quokkas (D:4)
  3 frilled lizards
  7 kobolds
  6 rats
  2 river rat simulacra (D:12)
839 creatures vanquished.

Vanquished Creatures (collateral kills)
  A tentacled starspawn (Abyss:2)
  The ghost of pigah the Cloud Mage, an adept OpAE of Gozag (Snake:1)
  A merfolk impaler (Shoals:1)
  A merfolk javelineer (Shoals:1)
  A salamander tyrant (Snake:4)
  3 hydras
  2 centaur warriors
  An ogre mage (D:15)
  3 anacondas
  A catoblepas (Lair:4)
  A satyr (Shoals:4)
  2 two-headed ogres
  5 tengu warriors (D:15)
  3 naga warriors
  An orc high priest (Orc:2)
  A soul eater (Abyss:2)
  4 shock serpents
  The ghost of ytrimaz the Martial Artist, a novice DgTm (D:11)
  A naga sharpshooter (Snake:4)
  A deep elf knight (Elf:1)
  2 wretched stars (Abyss:2)
  3 sea snakes
  A naga ritualist (Snake:1)
  A deep elf archer (Elf:1)
  3 spriggan simulacra (IceCv)
  3 deep elf zephyrmancers
  A necromancer (D:12)
  3 orc sorcerers (Orc:2)
  An ugly thing (D:14)
  6 mana vipers
  An orc knight (Orc:1)
  3 deep elf pyromancers
  4 cyclopes
  3 salamanders (Snake:4)
  3 manticores
  A wolf spider (Lair:5)
  5 fauns
  5 black mambas
  A guardian serpent (Snake:4)
  7 slime creatures
  An ice statue (Shoals:3)
  3 naga magi
  A water nymph (Shoals:4)
  2 elephants (Lair:4)
  A gargoyle (D:13)
  3 molten gargoyles (D:11)
  A smoke demon (Volcano)
  A torpor snail (Lair:5)
  A cane toad (Lair:3)
  An efreet (D:15)
  A komodo dragon (Lair:3)
  2 tengu conjurers (D:15)
  An ice devil (IceCv)
  3 meliai
  4 polar bears
  6 merfolk
  4 trolls
  3 raiju
  A hornet (Lair:5)
  2 blink frogs
  A tyrant leech (Lair:5)
  6 dream sheep
  A wind drake (Lair:3)
  A snapping turtle (Shoals:4)
  2 water elementals
  An air elemental (Elf:1)
  A centaur simulacrum (D:14)
  A fire elemental (Elf:1)
  3 yaks (D:10)
  A basilisk (D:15)
  A neqoxec (Abyss:2)
  A steam dragon (Volcano)
  A golden eye (D:10)
  A golden eye (shapeshifter) (D:13)
  3 vampire mosquitoes
  13 nagas
  2 wargs (Orc:2)
  2 water moccasins
  11 orc warriors
  4 black bears (Lair:5)
  4 wolves (Lair:5)
  2 centaurs
  6 bullfrogs
  4 killer bees
  2 electric eels (Snake:3)
  2 jellies
  3 hounds
  4 orc priests
  A sleepcap (D:5)
  An iguana (D:5)
  8 orc wizards
  2 yak simulacra (D:12)
  16 orcs
  A kobold (D:11)
  A river rat simulacrum (D:12)
248 creatures vanquished.

Vanquished Creatures (others)
  A deep elf knight (Elf:2)
  An orc knight (D:15)
  2 deep elf pyromancers
  A spectral merfolk (Shoals:2)
  A meliai (D:13)
  A wolf spider simulacrum (D:15)
  A slime creature (D:15)
  A centaur (D:8)
  3 killer bees
  2 orc wizards
  3 ancestors
  46 hexers
  9 fungi
  152 plants
  8 starspawn tentacles (Abyss:2)
232 creatures vanquished.

Grand Total: 1319 creatures vanquished
